Workbook

Sheet Contents of the dataset
A3: Dataset for the paper "A Meta-analysis of the relationship between income inequality and economic growth"
A5: by Laura de Dominicis, Raymond J.G.M. Florax and Henri L.F. de Groot
A7: Scottish Journal of Political Economy (2008), vol. 55, no. 5. pp. 654-682
A11: Stucture of the Database:
A13: References: List of studies used in the meta-analysis, with bibliographical information.
A15: effectsize: information on the effect size.
A17: complete_database: complete alphanumerical database
A19: meta_alphanumerical: database with selected variables in alphanumerical format (used for the meta-analysis).
A21: meta numerical: database with selected variables in numerical format (used for the meta-analysis). Note: explanatory comments are added to the variables
A23: meta_input: numerical database ready to be imported for the meta-analysis.

Sheet References
A1: Study ID | B1: Study KEY | C1: Authors | D1: Title | E1: Journal or Working Paper | F1: Year | G1: volume | H1: Issue | I1: pages
A2: 1 | B2: ar(1994) | C2: Alesina, A. and Rodrik, D. | D2: Distributive Politics and Economic Growth | E2: Quarterly Journal of Economics | F2: 1994 | H2: 109 | I2: 465-490
A3: 2 | B3: bd(2003) | C3: Banerjee, A.V. and Duflo E. | D3: Inequality and Growth: What Can the Data Say | E3: Journal of Economic Growth | F3: 2003 | I3: 267-299
A4: 3 | B4: cl(1995) | C4: Clarke, R.G | D4: More Evidence on Income Distribution and Growth | E4: Journal of Development Economics | F4: 1995 | I4: 403-427
A5: 4 | B5: deol(2000) | C5: Deininger, K. and Olinto, P. | D5: Asset Distribution, Inequality, and Growth | E5: Policy Research Working Paper, World Bank | F5: 2000 | G5: working paper | H5: 2375 | I5: na
A6: 5 | B6: desq(1998) | C6: Deininger, K. and Squire, L. | D6: New ways of looking at old issues: inequality and growth | E6: Journal of Development Economics | F6: 1998 | G6: 57 | I6: 259-287
A7: 6 | B7: crdoe(2003) | C7: de la Croix, D. and Doepke, M. | D7: Inequality and Growth: Why Differential Fertility Matters | E7: American Economic Review | F7: 2003 | G7: 93 | H7: 4 | I7: 1091-1113
A8: 7 | B8: fig(1999) | C8: Figini, P. | D8: Inequality and Growth Revisited | E8: Trinity College Economic Papers, Dublin | F8: 1999 | G8: working paper | H8: 2 | I8: na
A9: 8 | B9: forb(2000) | C9: Forbes, K.J. | D9: A Reassessment of the Relationship Between Inequality and Growth | E9: American Economic Review | F9: 2000 | I9: 869-887
A10: 9 | B10: gz(2003) | C10: Gylfason, T. and Zoega, G. | D10: Inequality and Economic Growth: Do Natural Resources Matter? | E10: Growth and Inequality, eds. Theo Eicher and Stephen Turnovsky, MIT Press | F10: 2003 | I10: na
A11: 10 | B11: kk(2002) | C11: Keefer P., Knack, S. | D11: Polarization, Politics and Property Rights: Links Between Inequality and Growth | E11: Public Choice | F11: 2002 | G11: 111 | H11: 1-2 | I11: 127-154
A12: 11 | B12: kne(1999) | C12: Knell M. | D12: Social Comparisons, Inequality and Growth | E12: Journal of Institutional and Theoretical Economics | F12: 1999 | G12: 155 | H12: 4 | I12: 664-695
A13: 12 | B13: kno(2001) | C13: Knowles, S. | D13: Inequality and Economic Growth: the Empirical Relationship Reconsidered in Light of Comparable Data | E13: Journal of Development Studies | F13: 2005 | G13: 41 | H13: 1 | I13: 135-159
A14: 13 | B14: or(2001) | C14: Odedokun, M. and Round, J. | D14: Determinants of Income Inequality and its Effects on Economic Growth: Evidence from African Countries | E14: African Development Review | F14: 2004 | G14: 16 | H14: 2 | I14: 287-327
A15: 14 | B15: pt(1991) | C15: Persson, T. and Tabellini, G. | D15: Is Inequality Harmful for Growth? | E15: CEPR Discussion Paper | F15: 1991 | G15: working paper | H15: nr. 581
A16: 15 | B16: reh(2002) | C16: Rehme, G. | D16: Education, Economic Growth and Personal Income Inequality Across (Rich) Countries | E16: Luxembourg Income Studies (LIS) Working Paper | F16: 2002 | G16: working paper | H16: 300 | I16: na
A17: 16 | B17: lizou(1998) | C17: Li, H. and Zou, H. | D17: Income Inequality Is Not Harmful for Growth: Theory and Evidence | E17: Review of Development Economics | F17: 1998 | I17: 318-334
A18: 17 | B18: cas(2004) | C18: Castellò-Climent, A | D18: A Reassassement of the Relationship Between Inequality and Growth: What Human Capital Inequality Data Say? | E18: IVIE Working Paper | F18: 2004 | G18: WP-EC 2004-15 | H18: 15 | I18: na
A19: 18 | B19: cd(2002) | C19: Castello, A. and Domenech, R. | D19: Human Capital Inequality and Economic Growth: Some New Evidence | E19: Economic Journal | F19: 2002 | G19: 112 | H19: 478 | I19: 187-200
A20: 19 | B20: p(2002) | C20: Panizza, U. | D20: Income Inequality and Economic Growth: Evidence from American Data | E20: Journal of Economic Growth | F20: 2002 | H20: 7 | I20: 25-41
A21: 20 | B21: mb(2001) | C21: Mbababzi, J., Morrissey, O. and Milner, C. | D21: Are Inequality and Trade Liberalization Influences on Growth and Poverty? | E21: World Institute for Development Economics (WIDER) Research Discussion Paper | F21: 2001 | G21: working paper
A22: 21 | B22: b(2000) | C22: Barro, R. | D22: Inequality and Growth in a Panel of Countries | E22: Journal of Economic Growth | F22: 2000 | H22: 5 | I22: 5-32
A23: 22 | B23: v(2005) | C23: Voitchovsky, S. | D23: Does the Profile of Income Inequality Matter for Economic Growth? | E23: Journal of Economic Growth | F23: 2005 | G23: 10 | H23: 3 | I23: 273-296
A24: 23 | B24: tan(1999) | C24: Tanninen, H. | D24: Income Inequality, Government Expenditures and Growth | E24: Applied Economics | F24: 1999 | H24: 31 | I24: 1109-1117
A25: 24 | B25: ir(2005) | C25: Iradian, G. | D25: Inequality, Poverty, and Growth: Cross-Country Evidence | E25: IMF Working Paper | F25: 2005 | G25: working paper
A26: 25 | B26: Lit(2005) | C26: Litschig, S. | D26: Inequality, Institutions and Growth: Empirical Evidence from Participatory Budgeting Experiences in Brazil | E26: Paper presented at the X Spring Meeting of Young Economists, Geneve, April 2005 | F26: 2005
A27: 26 | B27: Lave(1997) | C27: Larrain, F.B. and Vergara R.M. | D27: Income distribution, Investment, and Growth | E27: Social Inequality: Values, Growth and the State (book title) | F27: 1997 | G27: book section
A28: 27 | B28: khde(1999) | C28: Khoo, L. and Dennis, B. | D28: Income Inequality, Fertility Choice, and Economic Growth: Theory and Evidence | E28: Development Discussion Papers | F28: 1999 | G28: working paper
A29: 28 | B29: gyzo(2003) | C29: Gylfason, T and Zoega, G. | D29: Education, Social Equality and Economic Growth: A View of the Landscape | E29: CESifo Economic Studies | F29: 2003 | G29: 49 | H29: 4 | I29: 557-559
A30: 29 | B30: gaza(1997) | C30: Galor, O., and Zang, H. | D30: Fertility, Income Distribution, and Economic Growth: Theory and Cross-Country Evidence | E30: Japan and the World Economy | F30: 1997 | G30: 9 | H30: 2 | I30: 197-229
A31: 31 | B31: scho(2005) | C31: Schipper, Y. and Hoogeveen, J.G. | D31: Growth Evidence Based on Small Area Welfare Estimates | E31: World Bank Policy Research Working Paper | F31: 2005 | G31: working paper
A32: 32 | B32: bebr(2006) | C32: Benjamin, D, Brandt, L., and Giles, J. | D32: Inequality and Growth in Rural China: Does Higher Inequality Impede Growth? | E32: IZA Discussion Paper Series | F32: 2006 | G32: working paper
A33: 33 | B33: ken(2004) | C33: Kenworthy, L. | D33: An Equality-Growth tradeoff? | E33: Egalitarian Capitalism? Incomes, Jobs and Equality in Affluence Countries (book) | F33: 2004 | G33: book section
A34: 34 | B34: Zhu(2001) | C34: Zhu, D. | D34: Inequality, Credit Market Imperfection, Segementation and Economic Growth | E34: CEnteR Working Papers | F34: 2001 | G34: working paper | H34: 2001-58
A35: 35 | B35: blni(2004) | C35: Bleaney, M. and Nishiyama A. | D35: Income inequality and growth—does the relationship vary with the income level? | E35: Economics Letters | F35: 2004 | G35: 84 | H35: 3 | I35: 349-355
A36: 36 | B36: Part(2005) | C36: Partridge, M.P. | D36: Does Income Distribution Affect U.S. State Economic Growth? | E36: Journal of Regional Science | F36: 2005 | G36: 45 | H36: 2 | I36: 363-394
A37: 37 | B37: Reh(2002a) | C37: Rehme, G. | D37: (Re-)Distribution of Personal Incomes, Education and Economic Performance Across Countries | E37: Luxembourg Income Studies (LIS) Working Paper | F37: 2002 | G37: working paper | H37: 299
A38: 38 | B38: Szhi(1999) | C38: Szekely and Hilgert | D38: What’s Behind the Inequality We Measure: An Investigation Using Latin American Data | E38: Inter-American Development Bank | F38: 1999 | G38: working paper | H38: 409

Sheet complete_database
A1: reference | B1: Study KEY | C1: year_p | D1: Study ID | E1: Estimate ID | F1: Obs ID | G1: Publication Status | H1: cross -section or pooled | I1: Definition Dependent variable | J1: ='effect size'!H1 -> dependent variable in percentage points | K1: ='effect size'!I1 -> gini in percentage points | L1: Effect Size | M1: Effect size corrected | N1: Standard Error | O1: standard errors corrected | P1: t-value | Q1: Estimator | R1: correction for heteroscedasticity | S1: First year | T1: Last year | U1: time span | V1: lenght of the growth period | W1: Aggregation | X1: OECD or LDC's | Y1: Income Inequality measure | Z1: income inequality dataset | AA1: quality of gini's | AB1: gini if intial or average | AC1: gini | AD1: number of inequalities | AE1: regional effects
A2: Alesina and Rodrik (1994) | B2: ar(1994) | C2: 1994 | D2: 1 | E2: 1 | F2: 1 | G2: journal | H2: cross-section | I2: annual growth rate | J2: ='effect size'!H2 -> yes | K2: ='effect size'!I2 -> no | L2: ='effect size'!L2 -> -5.7 | M2: ='effect size'!M2 -> -0.057 | N2: ='effect size'!N2 -> 2.3170732 | O2: ='effect size'!O2 -> 0.023170732 | P2: ='effect size'!Q2 -> -2.46 | Q2: ols | R2: no | S2: 1960 | T2: 1985 | U2: =(T2-S2) -> 25 | V2: =T2-S2 -> 25 | W2: country | X2: oecd&ldc | Y2: gini | Z2: jain | AA2: high | AB2: initial | AC2: mixed | AD2: 1 | AE2: no
A3: Alesina and Rodrik (1994) | B3: ar(1994) | C3: 1994 | D3: 1 | E3: 2 | F3: 2 | G3: journal | H3: cross-section | I3: annual growth rate | J3: ='effect size'!H3 -> yes | K3: ='effect size'!I3 -> no | L3: ='effect size'!L3 -> -15.98 | M3: ='effect size'!M3 -> -0.1598 | N3: ='effect size'!N3 -> 4.9781931 | O3: ='effect size'!O3 -> 0.049781931 | P3: ='effect size'!Q3 -> -3.21 | Q3: smlt | R3: no | S3: 1960 | T3: 1985 | U3: =(T3-S3) -> 25 | V3: =T3-S3 -> 25 | W3: country | X3: oecd&ldc | Y3: gini | Z3: jain | AA3: high | AB3: initial | AC3: mixed | AD3: 1 | AE3: no
A4: Alesina and Rodrik (1994) | B4: ar(1994) | C4: 1994 | D4: 1 | E4: 3 | F4: 3 | G4: journal | H4: cross-section | I4: annual growth rate | J4: ='effect size'!H4 -> yes | K4: ='effect size'!I4 -> no | L4: ='effect size'!L4 -> -3.58 | M4: ='effect size'!M4 -> -0.0358 | N4: ='effect size'!N4 -> 1.9779006 | O4: ='effect size'!O4 -> 0.019779006 | P4: ='effect size'!Q4 -> -1.81 | Q4: ols | R4: no | S4: 1960 | T4: 1985 | U4: =(T4-S4) -> 25 | V4: =T4-S4 -> 25 | W4: country | X4: oecd&ldc | Y4: gini | Z4: jain | AA4: high&low | AB4: initial | AC4: mixed | AD4: 1 | AE4: no
A5: Alesina and Rodrik (1994) | B5: ar(1994) | C5: 1994 | D5: 1 | E5: 4 | F5: 4 | G5: journal | H5: cross-section | I5: annual growth rate | J5: ='effect size'!H5 -> yes | K5: ='effect size'!I5 -> no | L5: ='effect size'!L5 -> -12.93 | M5: ='effect size'!M5 -> -0.1293 | N5: ='effect size'!N5 -> 4.1442308 | O5: ='effect size'!O5 -> 0.041442308 | P5: ='effect size'!Q5 -> -3.12 | Q5: smlt | R5: no | S5: 1960 | T5: 1985 | U5: =(T5-S5) -> 25 | V5: =T5-S5 -> 25 | W5: country | X5: oecd&ldc | Y5: gini | Z5: jain | AA5: high&low | AB5: initial | AC5: mixed | AD5: 1 | AE5: no
A6: Alesina and Rodrik (1994) | B6: ar(1994) | C6: 1994 | D6: 1 | E6: 5 | F6: 5 | G6: journal | H6: cross-section | I6: annual growth rate | J6: ='effect size'!H6 -> yes | K6: ='effect size'!I6 -> no | L6: ='effect size'!L6 -> -3.47 | M6: ='effect size'!M6 -> -0.0347 | N6: ='effect size'!N6 -> 1.9065934 | O6: ='effect size'!O6 -> 0.019065934 | P6: ='effect size'!Q6 -> -1.82 | Q6: ols | R6: no | S6: 1960 | T6: 1985 | U6: =(T6-S6) -> 25 | V6: =T6-S6 -> 25 | W6: country | X6: oecd&ldc | Y6: gini | Z6: jain | AA6: high&low | AB6: initial | AC6: mixed | AD6: 2 | AE6: no
A7: Alesina and Rodrik (1994) | B7: ar(1994) | C7: 1994 | D7: 1 | E7: 6 | F7: 6 | G7: journal | H7: cross-section | I7: annual growth rate | J7: ='effect size'!H7 -> yes | K7: ='effect size'!I7 -> no | L7: ='effect size'!L7 -> -3.45 | M7: ='effect size'!M7 -> -0.0345 | N7: ='effect size'!N7 -> 1.9273743 | O7: ='effect size'!O7 -> 0.019273743 | P7: ='effect size'!Q7 -> -1.79 | Q7: ols | R7: no | S7: 1960 | T7: 1985 | U7: =(T7-S7) -> 25 | V7: =T7-S7 -> 25 | W7: country | X7: oecd&ldc | Y7: gini | Z7: jain | AA7: high&low | AB7: initial | AC7: mixed | AD7: 2 | AE7: no
A8: Alesina and Rodrik (1994) | B8: ar(1994) | C8: 1994 | D8: 1 | E8: 7 | F8: 7 | G8: journal | H8: cross-section | I8: annual growth rate | J8: ='effect size'!H8 -> yes | K8: ='effect size'!I8 -> no | L8: ='effect size'!L8 -> -3.47 | M8: ='effect size'!M8 -> -0.0347 | N8: ='effect size'!N8 -> 1.9277778 | O8: ='effect size'!O8 -> 0.019277778 | P8: ='effect size'!Q8 -> -1.8 | Q8: ols | R8: no | S8: 1960 | T8: 1985 | U8: =(T8-S8) -> 25 | V8: =T8-S8 -> 25 | W8: country | X8: oecd&ldc | Y8: gini | Z8: jain | AA8: high&low | AB8: initial | AC8: mixed | AD8: 2 | AE8: no
A9: Alesina and Rodrik (1994) | B9: ar(1994) | C9: 1994 | D9: 1 | E9: 8 | F9: 8 | G9: journal | H9: cross-section | I9: annual growth rate | J9: ='effect size'!H9 -> yes | K9: ='effect size'!I9 -> no | L9: ='effect size'!L9 -> -9.71 | M9: ='effect size'!M9 -> -0.0971 | N9: ='effect size'!N9 -> 2.6823204 | O9: ='effect size'!O9 -> 0.026823204 | P9: ='effect size'!Q9 -> -3.62 | Q9: ols | R9: no | S9: 1960 | T9: 1985 | U9: =(T9-S9) -> 25 | V9: =T9-S9 -> 25 | W9: country | X9: oecd&ldc | Y9: gini | Z9: jain | AA9: high | AB9: initial | AC9: mixed | AD9: 1 | AE9: no
A10: Alesina and Rodrik (1994) | B10: ar(1994) | C10: 1994 | D10: 1 | E10: 9 | F10: 9 | G10: journal | H10: cross-section | I10: annual growth rate | J10: ='effect size'!H10 -> yes | K10: ='effect size'!I10 -> no | L10: ='effect size'!L10 -> -7.95 | M10: ='effect size'!M10 -> -0.0795 | N10: ='effect size'!N10 -> 2.277937 | O10: ='effect size'!O10 -> 0.02277937 | P10: ='effect size'!Q10 -> -3.49 | Q10: ols | R10: no | S10: 1960 | T10: 1985 | U10: =(T10-S10) -> 25 | V10: =T10-S10 -> 25 | W10: country | X10: oecd&ldc | Y10: gini | Z10: jain | AA10: high&low | AB10: initial | AC10: mixed | AD10: 1 | AE10: no
A11: Alesina and Rodrik (1994) | B11: ar(1994) | C11: 1994 | D11: 1 | E11: 10 | F11: 10 | G11: journal | H11: cross-section | I11: annual growth rate | J11: ='effect size'!H11 -> yes | K11: ='effect size'!I11 -> no | L11: ='effect size'!L11 -> -5.71 | M11: ='effect size'!M11 -> -0.0571 | N11: ='effect size'!N11 -> 2.4506438 | O11: ='effect size'!O11 -> 0.024506438 | P11: ='effect size'!Q11 -> -2.33 | Q11: ols | R11: no | S11: 1960 | T11: 1985 | U11: =(T11-S11) -> 25 | V11: =T11-S11 -> 25 | W11: country | X11: oecd&ldc | Y11: gini | Z11: jain | AA11: high&low | AB11: initial | AC11: mixed | AD11: 2 | AE11: no
A12: Alesina and Rodrik (1994) | B12: ar(1994) | C12: 1994 | D12: 1 | E12: 11 | F12: 11 | G12: journal | H12: cross-section | I12: annual growth rate | J12: ='effect size'!H12 -> yes | K12: ='effect size'!I12 -> no | L12: ='effect size'!L12 -> -5.74 | M12: ='effect size'!M12 -> -0.0574 | N12: ='effect size'!N12 -> 2.4956522 | O12: ='effect size'!O12 -> 0.024956522 | P12: ='effect size'!Q12 -> -2.3 | Q12: ols | R12: no | S12: 1960 | T12: 1985 | U12: =(T12-S12) -> 25 | V12: =T12-S12 -> 25 | W12: country | X12: oecd&ldc | Y12: gini | Z12: jain | AA12: high&low | AB12: initial | AC12: mixed | AD12: 2 | AE12: no
A13: Alesina and Rodrik (1994) | B13: ar(1994) | C13: 1994 | D13: 1 | E13: 12 | F13: 12 | G13: journal | H13: cross-section | I13: annual growth rate | J13: ='effect size'!H13 -> yes | K13: ='effect size'!I13 -> no | L13: ='effect size'!L13 -> -5.73 | M13: ='effect size'!M13 -> -0.0573 | N13: ='effect size'!N13 -> 2.4913043 | O13: ='effect size'!O13 -> 0.024913043 | P13: ='effect size'!Q13 -> -2.3 | Q13: ols | R13: no | S13: 1960 | T13: 1985 | U13: =(T13-S13) -> 25 | V13: =T13-S13 -> 25 | W13: country | X13: oecd&ldc | Y13: gini | Z13: jain | AA13: high&low | AB13: initial | AC13: mixed | AD13: 2 | AE13: no
A14: Banerjee and Duflo (2003) | B14: bd(2003) | C14: 2003 | D14: 2 | E14: 1 | F14: 13 | G14: journal | H14: pooled | I14: annual growth rate | J14: ='effect size'!H14 -> no | K14: ='effect size'!I14 -> yes | L14: ='effect size'!L14 -> 0.021 | M14: ='effect size'!M14 -> 0.021 | N14: ='effect size'!N14 -> 0.09 | O14: ='effect size'!O14 -> 0.09 | P14: ='effect size'!Q14 -> 0.23333333 | Q14: random effects | R14: no | S14: 1960 | T14: 1995 | U14: =(T14-S14) -> 35 | V14: 5 | W14: country | X14: oecd&ldc | Y14: gini | Z14: d&s | AA14: high | AB14: initial | AC14: adjusted | AD14: 1 | AE14: no
A15: Banerjee and Duflo (2003) | B15: bd(2003) | C15: 2003 | D15: 2 | E15: 2 | F15: 14 | G15: journal | H15: pooled | I15: annual growth rate | J15: ='effect size'!H15 -> no | K15: ='effect size'!I15 -> yes | L15: ='effect size'!L15 -> 0.298 | M15: ='effect size'!M15 -> 0.298 | N15: ='effect size'!N15 -> 0.18 | O15: ='effect size'!O15 -> 0.18 | P15: ='effect size'!Q15 -> 1.6555556 | Q15: first differences | R15: no | S15: 1960 | T15: 1995 | U15: =(T15-S15) -> 35 | V15: 5 | W15: country | X15: oecd&ldc | Y15: gini | Z15: d&s | AA15: high | AB15: initial | AC15: adjusted | AD15: 1 | AE15: no
A16: Banerjee and Duflo (2003) | B16: bd(2003) | C16: 2003 | D16: 2 | E16: 3 | F16: 15 | G16: journal | H16: pooled | I16: annual growth rate | J16: ='effect size'!H16 -> no | K16: ='effect size'!I16 -> yes | L16: ='effect size'!L16 -> 0.297 | M16: ='effect size'!M16 -> 0.297 | N16: ='effect size'!N16 -> 0.16 | O16: ='effect size'!O16 -> 0.16 | P16: ='effect size'!Q16 -> 1.85625 | Q16: fixed effects | R16: no | S16: 1960 | T16: 1995 | U16: =(T16-S16) -> 35 | V16: 5 | W16: country | X16: oecd&ldc | Y16: gini | Z16: d&s | AA16: high | AB16: initial | AC16: adjusted | AD16: 1 | AE16: no
A17: Banerjee and Duflo (2003) | B17: bd(2003) | C17: 2003 | D17: 2 | E17: 4 | F17: 16 | G17: journal | H17: pooled | I17: annual growth rate | J17: ='effect size'!H17 -> no | K17: ='effect size'!I17 -> yes | L17: ='effect size'!L17 -> 0.56 | M17: ='effect size'!M17 -> 0.56 | N17: ='effect size'!N17 -> 0.039 | O17: ='effect size'!O17 -> 0.039 | P17: ='effect size'!Q17 -> 14.358974 | Q17: gmm | R17: no | S17: 1960 | T17: 1995 | U17: =(T17-S17) -> 35 | V17: 5 | W17: country | X17: oecd&ldc | Y17: gini | Z17: d&s | AA17: high | AB17: initial | AC17: adjusted | AD17: 1 | AE17: no
A18: Banerjee and Duflo (2003) | B18: bd(2003) | C18: 2003 | D18: 2 | E18: 5 | F18: 17 | G18: journal | H18: pooled | I18: annual growth rate | J18: ='effect size'!H18 -> no | K18: ='effect size'!I18 -> yes | L18: ='effect size'!L18 -> -0.03 | M18: ='effect size'!M18 -> -0.03 | N18: ='effect size'!N18 -> 0.043 | O18: ='effect size'!O18 -> 0.043 | P18: ='effect size'!Q18 -> -0.69767442 | Q18: random effects | R18: no | S18: 1960 | T18: 1995 | U18: =(T18-S18) -> 35 | V18: 5 | W18: country | X18: oecd&ldc | Y18: gini | Z18: d&s | AA18: high | AB18: initial | AC18: adjusted | AD18: 1 | AE18: yes
A19: Banerjee and Duflo (2003) | B19: bd(2003) | C19: 2003 | D19: 2 | E19: 6 | F19: 18 | G19: journal | H19: pooled | I19: annual growth rate | J19: ='effect size'!H19 -> no | K19: ='effect size'!I19 -> yes | L19: ='effect size'!L19 -> 0.158 | M19: ='effect size'!M19 -> 0.158 | N19: ='effect size'!N19 -> 0.068 | O19: ='effect size'!O19 -> 0.068 | P19: ='effect size'!Q19 -> 2.3235294 | Q19: first differences | R19: no | S19: 1960 | T19: 1995 | U19: =(T19-S19) -> 35 | V19: 5 | W19: country | X19: oecd&ldc | Y19: gini | Z19: d&s | AA19: high | AB19: initial | AC19: adjusted | AD19: 1 | AE19: yes
A20: Banerjee and Duflo (2003) | B20: bd(2003) | C20: 2003 | D20: 2 | E20: 7 | F20: 19 | G20: journal | H20: pooled | I20: annual growth rate | J20: ='effect size'!H20 -> no | K20: ='effect size'!I20 -> yes | L20: ='effect size'!L20 -> 0.155 | M20: ='effect size'!M20 -> 0.155 | N20: ='effect size'!N20 -> 0.063 | O20: ='effect size'!O20 -> 0.063 | P20: ='effect size'!Q20 -> 2.4603175 | Q20: fixed effects | R20: no | S20: 1960 | T20: 1995 | U20: =(T20-S20) -> 35 | V20: 5 | W20: country | X20: oecd&ldc | Y20: gini | Z20: d&s | AA20: high | AB20: initial | AC20: adjusted | AD20: 1 | AE20: yes
A21: Banerjee and Duflo (2003) | B21: bd(2003) | C21: 2003 | D21: 2 | E21: 8 | F21: 20 | G21: journal | H21: pooled | I21: annual growth rate | J21: ='effect size'!H21 -> no | K21: ='effect size'!I21 -> yes | L21: ='effect size'!L21 -> 0.27 | M21: ='effect size'!M21 -> 0.27 | N21: ='effect size'!N21 -> 0.016 | O21: ='effect size'!O21 -> 0.016 | P21: ='effect size'!Q21 -> 16.875 | Q21: gmm | R21: no | S21: 1960 | T21: 1995 | U21: =(T21-S21) -> 35 | V21: 5 | W21: country | X21: oecd&ldc | Y21: gini | Z21: d&s | AA21: high | AB21: initial | AC21: adjusted | AD21: 1 | AE21: yes
A22: Clarke (1995) | B22: cl(1995) | C22: 1995 | D22: 3 | E22: 1 | F22: 21 | G22: journal | H22: cross-section | I22: annual growth rate | J22: ='effect size'!H22 -> no | K22: ='effect size'!I22 -> no | L22: ='effect size'!L22 -> -0.0691 | M22: ='effect size'!M22 -> -0.0691 | N22: ='effect size'!N22 -> 0.026679537 | O22: ='effect size'!O22 -> 0.026679537 | P22: ='effect size'!Q22 -> -2.59 | Q22: ols | R22: no | S22: 1960 | T22: 1988 | U22: =(T22-S22) -> 28 | V22: =T22-S22 -> 28 | W22: country | X22: oecd&ldc | Y22: gini | Z22: jain | AA22: high&low | AB22: initial | AC22: mixed | AD22: 1 | AE22: no
A23: Clarke (1995) | B23: cl(1995) | C23: 1995 | D23: 3 | E23: 2 | F23: 22 | G23: journal | H23: cross-section | I23: annual growth rate | J23: ='effect size'!H23 -> no | K23: ='effect size'!I23 -> no | L23: ='effect size'!L23 -> -0.0547 | M23: ='effect size'!M23 -> -0.0547 | N23: ='effect size'!N23 -> 0.025207373 | O23: ='effect size'!O23 -> 0.025207373 | P23: ='effect size'!Q23 -> -2.17 | Q23: ols | R23: no | S23: 1960 | T23: 1988 | U23: =(T23-S23) -> 28 | V23: =T23-S23 -> 28 | W23: country | X23: oecd&ldc | Y23: gini | Z23: jain | AA23: high&low | AB23: initial | AC23: mixed | AD23: 1 | AE23: yes
A24: Clarke (1995) | B24: cl(1995) | C24: 1995 | D24: 3 | E24: 3 | F24: 23 | G24: journal | H24: cross-section | I24: annual growth rate | J24: ='effect size'!H24 -> no | K24: ='effect size'!I24 -> no | L24: ='effect size'!L24 -> -0.0678 | M24: ='effect size'!M24 -> -0.0678 | N24: ='effect size'!N24 -> 0.028728814 | O24: ='effect size'!O24 -> 0.028728814 | P24: ='effect size'!Q24 -> -2.36 | Q24: ols | R24: no | S24: 1960 | T24: 1988 | U24: =(T24-S24) -> 28 | V24: =T24-S24 -> 28 | W24: country | X24: oecd&ldc | Y24: gini | Z24: jain | AA24: high&low | AB24: initial | AC24: mixed | AD24: 1 | AE24: yes
A25: Clarke (1995) | B25: cl(1995) | C25: 1995 | D25: 3 | E25: 4 | F25: 24 | G25: journal | H25: cross-section | I25: annual growth rate | J25: ='effect size'!H25 -> no | K25: ='effect size'!I25 -> no | L25: ='effect size'!L25 -> -0.0691 | M25: ='effect size'!M25 -> -0.0691 | N25: ='effect size'!N25 -> 0.022730263 | O25: ='effect size'!O25 -> 0.022730263 | P25: ='effect size'!Q25 -> -3.04 | Q25: ols | R25: yes | S25: 1960 | T25: 1988 | U25: =(T25-S25) -> 28 | V25: =T25-S25 -> 28 | W25: country | X25: oecd&ldc | Y25: gini | Z25: jain | AA25: high&low | AB25: initial | AC25: mixed | AD25: 1 | AE25: no
A26: Clarke (1995) | B26: cl(1995) | C26: 1995 | D26: 3 | E26: 5 | F26: 25 | G26: journal | H26: cross-section | I26: annual growth rate | J26: ='effect size'!H26 -> no | K26: ='effect size'!I26 -> no | L26: ='effect size'!L26 -> -0.0589 | M26: ='effect size'!M26 -> -0.0589 | N26: ='effect size'!N26 -> 0.017172012 | O26: ='effect size'!O26 -> 0.017172012 | P26: ='effect size'!Q26 -> -3.43 | Q26: ols | R26: no | S26: 1960 | T26: 1988 | U26: =(T26-S26) -> 28 | V26: =T26-S26 -> 28 | W26: country | X26: oecd&ldc | Y26: gini | Z26: jain | AA26: high&low | AB26: initial | AC26: mixed | AD26: 1 | AE26: no
A27: Clarke (1995) | B27: cl(1995) | C27: 1995 | D27: 3 | E27: 6 | F27: 26 | G27: journal | H27: cross-section | I27: annual growth rate | J27: ='effect size'!H27 -> no | K27: ='effect size'!I27 -> no | L27: ='effect size'!L27 -> -0.1713 | M27: ='effect size'!M27 -> -0.1713 | N27: ='effect size'!N27 -> 0.051441441 | O27: ='effect size'!O27 -> 0.051441441 | P27: ='effect size'!Q27 -> -3.33 | Q27: smlt | R27: no | S27: 1960 | T27: 1988 | U27: =(T27-S27) -> 28 | V27: =T27-S27 -> 28 | W27: country | X27: oecd&ldc | Y27: gini | Z27: jain | AA27: high&low | AB27: initial | AC27: mixed | AD27: 1 | AE27: no
A28: Clarke (1995) | B28: cl(1995) | C28: 1995 | D28: 3 | E28: 7 | F28: 27 | G28: journal | H28: cross-section | I28: annual growth rate | J28: ='effect size'!H28 -> no | K28: ='effect size'!I28 -> no | L28: ='effect size'!L28 -> -0.0783 | M28: ='effect size'!M28 -> -0.0783 | N28: ='effect size'!N28 -> 0.02943609 | O28: ='effect size'!O28 -> 0.02943609 | P28: ='effect size'!Q28 -> -2.66 | Q28: ols | R28: yes | S28: 1960 | T28: 1988 | U28: =(T28-S28) -> 28 | V28: =T28-S28 -> 28 | W28: country | X28: oecd&ldc | Y28: gini | Z28: jain | AA28: high&low | AB28: initial | AC28: mixed | AD28: 1 | AE28: no
A29: Deininger and Olinto (2000) | B29: deol(2000) | C29: 2000 | D29: 4 | E29: 1 | F29: 28 | G29: working paper | H29: pooled | I29: annual growth rate | J29: ='effect size'!H29 -> yes | K29: ='effect size'!I29 -> yes | L29: ='effect size'!L29 -> 0.0017 | M29: ='effect size'!M29 -> 0.17 | N29: ='effect size'!N29 -> 0.0021 | O29: ='effect size'!O29 -> 0.21 | P29: ='effect size'!Q29 -> 0.80952381 | Q29: gmm | R29: no | S29: 1960 | T29: 1990 | U29: =(T29-S29) -> 30 | V29: 5 | W29: country | X29: oecd&ldc | Y29: gini | Z29: d&s | AA29: high | AB29: average | AC29: mixed | AD29: 2 | AE29: no
A30: Deininger and Olinto (2000) | B30: deol(2000) | C30: 2000 | D30: 4 | E30: 2 | F30: 29 | G30: working paper | H30: pooled | I30: annual growth rate | J30: ='effect size'!H30 -> yes | K30: ='effect size'!I30 -> yes | L30: ='effect size'!L30 -> -0.0035 | M30: ='effect size'!M30 -> -0.35 | N30: ='effect size'!N30 -> 0.001 | O30: ='effect size'!O30 -> 0.1 | P30: ='effect size'!Q30 -> -3.5 | Q30: gmm | R30: no | S30: 1960 | T30: 1990 | U30: =(T30-S30) -> 30 | V30: 5 | W30: country | X30: oecd&ldc | Y30: gini | Z30: d&s | AA30: high | AB30: average | AC30: mixed | AD30: 2 | AE30: no
A31: Deininger and Olinto (2000) | B31: deol(2000) | C31: 2000 | D31: 4 | E31: 3 | F31: 30 | G31: working paper | H31: pooled | I31: annual growth rate | J31: ='effect size'!H31 -> yes | K31: ='effect size'!I31 -> yes | L31: ='effect size'!L31 -> 0.0033 | M31: ='effect size'!M31 -> 0.33 | N31: ='effect size'!N31 -> 0.0023 | O31: ='effect size'!O31 -> 0.23 | P31: ='effect size'!Q31 -> 1.4347826 | Q31: fixed effects | R31: no | S31: 1960 | T31: 1990 | U31: =(T31-S31) -> 30 | V31: 5 | W31: country | X31: oecd&ldc | Y31: gini | Z31: d&s | AA31: high | AB31: average | AC31: mixed | AD31: 1 | AE31: no
A32: Deininger and Olinto (2000) | B32: deol(2000) | C32: 2000 | D32: 4 | E32: 4 | F32: 31 | G32: working paper | H32: pooled | I32: annual growth rate | J32: ='effect size'!H32 -> yes | K32: ='effect size'!I32 -> yes | L32: ='effect size'!L32 -> 0.0041 | M32: ='effect size'!M32 -> 0.41 | N32: ='effect size'!N32 -> 0.0016 | O32: ='effect size'!O32 -> 0.16 | P32: ='effect size'!Q32 -> 2.5625 | Q32: gmm | R32: no | S32: 1960 | T32: 1990 | U32: =(T32-S32) -> 30 | V32: 5 | W32: country | X32: oecd&ldc | Y32: gini | Z32: d&s | AA32: high | AB32: average | AC32: mixed | AD32: 2 | AE32: no
A33: Deininger and Olinto (2000) | B33: deol(2000) | C33: 2000 | D33: 4 | E33: 5 | F33: 32 | G33: working paper | H33: pooled | I33: annual growth rate | J33: ='effect size'!H33 -> yes | K33: ='effect size'!I33 -> yes | L33: ='effect size'!L33 -> -0.0057 | M33: ='effect size'!M33 -> -0.57 | N33: ='effect size'!N33 -> 0.0009 | O33: ='effect size'!O33 -> 0.09 | P33: ='effect size'!Q33 -> -6.3333333 | Q33: gmm | R33: no | S33: 1960 | T33: 1990 | U33: =(T33-S33) -> 30 | V33: 5 | W33: country | X33: oecd&ldc | Y33: gini | Z33: d&s | AA33: high | AB33: average | AC33: mixed | AD33: 2 | AE33: no
A34: Deininger and Olinto (2000) | B34: deol(2000) | C34: 2000 | D34: 4 | E34: 6 | F34: 33 | G34: working paper | H34: pooled | I34: annual growth rate | J34: ='effect size'!H34 -> yes | K34: ='effect size'!I34 -> yes | L34: ='effect size'!L34 -> 0.0033 | M34: ='effect size'!M34 -> 0.33 | N34: ='effect size'!N34 -> 0.0023 | O34: ='effect size'!O34 -> 0.23 | P34: ='effect size'!Q34 -> 1.4347826 | Q34: fixed effects | R34: no | S34: 1960 | T34: 1990 | U34: =(T34-S34) -> 30 | V34: 5 | W34: country | X34: oecd&ldc | Y34: gini | Z34: d&s | AA34: high | AB34: average | AC34: mixed | AD34: 1 | AE34: no
A35: Deininger and Olinto (2000) | B35: deol(2000) | C35: 2000 | D35: 4 | E35: 7 | F35: 34 | G35: working paper | H35: pooled | I35: annual growth rate | J35: ='effect size'!H35 -> yes | K35: ='effect size'!I35 -> yes | L35: ='effect size'!L35 -> 0.0046 | M35: ='effect size'!M35 -> 0.46 | N35: ='effect size'!N35 -> 0.001 | O35: ='effect size'!O35 -> 0.1 | P35: ='effect size'!Q35 -> 4.6 | Q35: gmm | R35: no | S35: 1960 | T35: 1990 | U35: =(T35-S35) -> 30 | V35: 5 | W35: country | X35: oecd&ldc | Y35: gini | Z35: d&s | AA35: high | AB35: average | AC35: mixed | AD35: 3 | AE35: no
A36: Deininger and Olinto (2000) | B36: deol(2000) | C36: 2000 | D36: 4 | E36: 8 | F36: 35 | G36: working paper | H36: pooled | I36: annual growth rate | J36: ='effect size'!H36 -> yes | K36: ='effect size'!I36 -> yes | L36: ='effect size'!L36 -> 0.0009 | M36: ='effect size'!M36 -> 0.09 | N36: ='effect size'!N36 -> 0.0006 | O36: ='effect size'!O36 -> 0.06 | P36: ='effect size'!Q36 -> 1.5 | Q36: gmm | R36: no | S36: 1960 | T36: 1990 | U36: =(T36-S36) -> 30 | V36: 5 | W36: country | X36: oecd&ldc | Y36: gini | Z36: d&s | AA36: high | AB36: average | AC36: mixed | AD36: 3 | AE36: no
A37: Deininger and Olinto (2000) | B37: deol(2000) | C37: 2000 | D37: 4 | E37: 9 | F37: 36 | G37: working paper | H37: pooled | I37: annual growth rate | J37: ='effect size'!H37 -> yes | K37: ='effect size'!I37 -> yes | L37: ='effect size'!L37 -> 0.0032 | M37: ='effect size'!M37 -> 0.32 | N37: ='effect size'!N37 -> 0.0022 | O37: ='effect size'!O37 -> 0.22 | P37: ='effect size'!Q37 -> 1.4545455 | Q37: fixed effects | R37: no | S37: 1960 | T37: 1990 | U37: =(T37-S37) -> 30 | V37: 5 | W37: country | X37: oecd&ldc | Y37: gini | Z37: d&s | AA37: high | AB37: average | AC37: mixed | AD37: 1 | AE37: no
A38: Deininger and Squire (1998) | B38: desq(1998) | C38: 1998 | D38: 5 | E38: 1 | F38: 37 | G38: journal | H38: cross-section | I38: annual growth rate | J38: ='effect size'!H38 -> yes | K38: ='effect size'!I38 -> yes | L38: ='effect size'!L38 -> -0.047 | M38: ='effect size'!M38 -> -0.047 | N38: ='effect size'!N38 -> 0.016785714 | O38: ='effect size'!O38 -> 0.016785714 | P38: ='effect size'!Q38 -> -2.8 | Q38: ols | R38: no | S38: 1960 | T38: 1992 | U38: =(T38-S38) -> 32 | V38: =T38-S38 -> 32 | W38: country | X38: oecd&ldc | Y38: gini | Z38: d&s | AA38: high | AB38: average | AC38: mixed | AD38: 1 | AE38: no
A39: Deininger and Squire (1998) | B39: desq(1998) | C39: 1998 | D39: 5 | E39: 2 | F39: 38 | G39: journal | H39: cross-section | I39: annual growth rate | J39: ='effect size'!H39 -> yes | K39: ='effect size'!I39 -> yes | L39: ='effect size'!L39 -> -0.019 | M39: ='effect size'!M39 -> -0.019 | N39: ='effect size'!N39 -> 0.02 | O39: ='effect size'!O39 -> 0.02 | P39: ='effect size'!Q39 -> -0.95 | Q39: ols | R39: no | S39: 1960 | T39: 1992 | U39: =(T39-S39) -> 32 | V39: =T39-S39 -> 32 | W39: country | X39: oecd&ldc | Y39: gini | Z39: d&s | AA39: high | AB39: average | AC39: mixed | AD39: 1 | AE39: yes
A40: Deininger and Squire (1998) | B40: desq(1998) | C40: 1998 | D40: 5 | E40: 3 | F40: 39 | G40: journal | H40: cross-section | I40: annual growth rate | J40: ='effect size'!H40 -> yes | K40: ='effect size'!I40 -> yes | L40: ='effect size'!L40 -> -0.025 | M40: ='effect size'!M40 -> -0.025 | N40: ='effect size'!N40 -> 0.018656716 | O40: ='effect size'!O40 -> 0.018656716 | P40: ='effect size'!Q40 -> -1.34 | Q40: ols | R40: no | S40: 1960 | T40: 1992 | U40: =(T40-S40) -> 32 | V40: =T40-S40 -> 32 | W40: country | X40: ldc | Y40: gini | Z40: d&s | AA40: high | AB40: average | AC40: mixed | AD40: 2 | AE40: no
A41: Deininger and Squire (1998) | B41: desq(1998) | C41: 1998 | D41: 5 | E41: 4 | F41: 40 | G41: journal | H41: cross-section | I41: annual growth rate | J41: ='effect size'!H41 -> yes | K41: ='effect size'!I41 -> yes | L41: ='effect size'!L41 -> -0.019 | M41: ='effect size'!M41 -> -0.019 | N41: ='effect size'!N41 -> 0.022093023 | O41: ='effect size'!O41 -> 0.022093023 | P41: ='effect size'!Q41 -> -0.86 | Q41: ols | R41: no | S41: 1960 | T41: 1992 | U41: =(T41-S41) -> 32 | V41: =T41-S41 -> 32 | W41: country | X41: ldc | Y41: gini | Z41: d&s | AA41: high | AB41: average | AC41: mixed | AD41: 2 | AE41: yes
A42: Deininger and Squire (1998) | B42: desq(1998) | C42: 1998 | D42: 5 | E42: 5 | F42: 41 | G42: journal | H42: cross-section | I42: annual growth rate | J42: ='effect size'!H42 -> yes | K42: ='effect size'!I42 -> yes | L42: ='effect size'!L42 -> -0.018 | M42: ='effect size'!M42 -> -0.018 | N42: ='effect size'!N42 -> 0.03 | O42: ='effect size'!O42 -> 0.03 | P42: ='effect size'!Q42 -> -0.6 | Q42: ols | R42: no | S42: 1960 | T42: 1992 | U42: =(T42-S42) -> 32 | V42: =T42-S42 -> 32 | W42: country | X42: ldc | Y42: gini | Z42: d&s | AA42: high | AB42: average | AC42: mixed | AD42: 2 | AE42: no
A43: Deininger and Squire (1998) | B43: desq(1998) | C43: 1998 | D43: 5 | E43: 6 | F43: 42 | G43: journal | H43: cross-section | I43: annual growth rate | J43: ='effect size'!H43 -> yes | K43: ='effect size'!I43 -> yes | L43: ='effect size'!L43 -> -0.045 | M43: ='effect size'!M43 -> -0.045 | N43: ='effect size'!N43 -> 0.035433071 | O43: ='effect size'!O43 -> 0.035433071 | P43: ='effect size'!Q43 -> -1.27 | Q43: ols | R43: no | S43: 1960 | T43: 1992 | U43: =(T43-S43) -> 32 | V43: =T43-S43 -> 32 | W43: country | X43: ldc | Y43: gini | Z43: d&s | AA43: high | AB43: average | AC43: mixed | AD43: 2 | AE43: yes
A44: Deininger and Squire (1998) | B44: desq(1998) | C44: 1998 | D44: 5 | E44: 7 | F44: 43 | G44: journal | H44: cross-section | I44: annual growth rate | J44: ='effect size'!H44 -> yes | K44: ='effect size'!I44 -> yes | L44: ='effect size'!L44 -> -0.022 | M44: ='effect size'!M44 -> -0.022 | N44: ='effect size'!N44 -> 0.025581395 | O44: ='effect size'!O44 -> 0.025581395 | P44: ='effect size'!Q44 -> -0.86 | Q44: ols | R44: no | S44: 1960 | T44: 1992 | U44: =(T44-S44) -> 32 | V44: =T44-S44 -> 32 | W44: country | X44: oecd&ldc | Y44: gini | Z44: d&s | AA44: high | AB44: average | AC44: mixed | AD44: 2 | AE44: no
A45: Deininger and Squire (1998) | B45: desq(1998) | C45: 1998 | D45: 5 | E45: 8 | F45: 44 | G45: journal | H45: cross-section | I45: annual growth rate | J45: ='effect size'!H45 -> yes | K45: ='effect size'!I45 -> yes | L45: ='effect size'!L45 -> 0.025 | M45: ='effect size'!M45 -> 0.025 | N45: ='effect size'!N45 -> 0.033333333 | O45: ='effect size'!O45 -> 0.033333333 | P45: ='effect size'!Q45 -> -0.75 | Q45: ols | R45: no | S45: 1960 | T45: 1992 | U45: =(T45-S45) -> 32 | V45: =T45-S45 -> 32 | W45: country | X45: oecd&ldc | Y45: gini | Z45: d&s | AA45: high | AB45: average | AC45: mixed | AD45: 2 | AE45: yes
A46: Deininger and Squire (1998) | B46: desq(1998) | C46: 1998 | D46: 5 | E46: 9 | F46: 45 | G46: journal | H46: cross-section | I46: annual growth rate | J46: ='effect size'!H46 -> yes | K46: ='effect size'!I46 -> yes | L46: ='effect size'!L46 -> -0.046 | M46: ='effect size'!M46 -> -0.046 | N46: ='effect size'!N46 -> 0.026900585 | O46: ='effect size'!O46 -> 0.026900585 | P46: ='effect size'!Q46 -> -1.71 | Q46: ols | R46: no | S46: 1960 | T46: 1992 | U46: =(T46-S46) -> 32 | V46: =T46-S46 -> 32 | W46: country | X46: oecd&ldc | Y46: gini | Z46: d&s | AA46: high | AB46: average | AC46: mixed | AD46: 2 | AE46: no
A47: Deininger and Squire (1998) | B47: desq(1998) | C47: 1998 | D47: 5 | E47: 10 | F47: 46 | G47: journal | H47: cross-section | I47: annual growth rate | J47: ='effect size'!H47 -> yes | K47: ='effect size'!I47 -> yes | L47: ='effect size'!L47 -> -0.055 | M47: ='effect size'!M47 -> -0.055 | N47: ='effect size'!N47 -> 0.03125 | O47: ='effect size'!O47 -> 0.03125 | P47: ='effect size'!Q47 -> -1.76 | Q47: ols | R47: no | S47: 1960 | T47: 1992 | U47: =(T47-S47) -> 32 | V47: =T47-S47 -> 32 | W47: country | X47: oecd&ldc | Y47: gini | Z47: d&s | AA47: high | AB47: average | AC47: mixed | AD47: 2 | AE47: yes
A48: de la Croix and Doepke (2003) | B48: crdoe(2003) | C48: 2003 | D48: 6 | E48: 1 | F48: 47 | G48: journal | H48: pooled | I48: annual growth rate | J48: ='effect size'!H48 -> yes | K48: ='effect size'!I48 -> yes | L48: ='effect size'!L48 -> -0.03 | M48: ='effect size'!M48 -> -0.03 | N48: ='effect size'!N48 -> 0.01 | O48: ='effect size'!O48 -> 0.01 | P48: ='effect size'!Q48 -> -3 | Q48: gmm | R48: yes | S48: 1960 | T48: 1992 | U48: =(T48-S48) -> 32 | V48: =T48-S48 -> 32 | W48: country | X48: oecd&ldc | Y48: gini | Z48: d&s | AA48: high&low | AB48: initial | AC48: mixed | AD48: 1 | AE48: yes
A49: de la Croix and Doepke (2003) | B49: crdoe(2003) | C49: 2003 | D49: 6 | E49: 2 | F49: 48 | G49: journal | H49: pooled | I49: annual growth rate | J49: ='effect size'!H49 -> yes | K49: ='effect size'!I49 -> yes | L49: ='effect size'!L49 -> 0.02 | M49: ='effect size'!M49 -> 0.02 | N49: ='effect size'!N49 -> 0.03 | O49: ='effect size'!O49 -> 0.03 | P49: ='effect size'!Q49 -> 0.66666667 | Q49: gmm | R49: yes | S49: 1960 | T49: 1992 | U49: =(T49-S49) -> 32 | V49: =T49-S49 -> 32 | W49: country | X49: oecd&ldc | Y49: gini | Z49: d&s | AA49: high&low | AB49: initial | AC49: mixed | AD49: 1 | AE49: yes
... A95: Figini (1999) | B95: fig(1999) | C95: 1999 | D95: 7 | E95: 42 | F95: 94 | G95: working paper | H95: cross-section | I95: annual growth rate | J95: ='effect size'!H95 -> no | K95: ='effect size'!I95 -> yes | L95: ='effect size'!L95 -> -0.0005 | M95: ='effect size'!M95 -> -0.05 | N95: ='effect size'!N95 -> 0.00023299161 | O95: ='effect size'!O95 -> 0.023299161 | P95: ='effect size'!Q95 -> -2.146 | Q95: ols | R95: yes | S95: 1970 | T95: 1990 | U95: =(T95-S95) -> 20 | V95: =T95-S95 -> 20 | W95: country | X95: oecd&ldc | Y95: gini | Z95: d&s | AA95: high | AB95: initial | AC95: income | AD95: 1 | AE95: no
A96: Forbes (2000) | B96: forb(2000) | C96: 2000 | D96: 8 | E96: 1 | F96: 95 | G96: journal | H96: pooled | I96: annual growth rate | J96: ='effect size'!H96 -> no | K96: ='effect size'!I96 -> yes | L96: ='effect size'!L96 -> 0.0036 | M96: ='effect size'!M96 -> 0.36 | N96: ='effect size'!N96 -> 0.0015 | O96: ='effect size'!O96 -> 0.15 | P96: ='effect size'!Q96 -> 2.4 | Q96: fixed effects | R96: no | S96: 1965 | T96: 1995 | U96: =(T96-S96) -> 30 | V96: 5 | W96: country | X96: oecd&ldc | Y96: gini | Z96: d&s | AA96: high | AB96: initial | AC96: adjusted | AD96: 1 | AE96: no
A97: Forbes (2000) | B97: forb(2000) | C97: 2000 | D97: 8 | E97: 2 | F97: 96 | G97: journal | H97: pooled | I97: annual growth rate | J97: ='effect size'!H97 -> no | K97: ='effect size'!I97 -> yes | L97: ='effect size'!L97 -> 0.0013 | M97: ='effect size'!M97 -> 0.13 | N97: ='effect size'!N97 -> 0.0006 | O97: ='effect size'!O97 -> 0.06 | P97: ='effect size'!Q97 -> 2.1666667 | Q97: random effects | R97: no | S97: 1965 | T97: 1995 | U97: =(T97-S97) -> 30 | V97: 5 | W97: country | X97: oecd&ldc | Y97: gini | Z97: d&s | AA97: high | AB97: initial | AC97: adjusted | AD97: 1 | AE97: no
A98: Forbes (2000) | B98: forb(2000) | C98: 2000 | D98: 8 | E98: 3 | F98: 97 | G98: journal | H98: pooled | I98: annual growth rate | J98: ='effect size'!H98 -> no | K98: ='effect size'!I98 -> yes | L98: ='effect size'!L98 -> 0.0016 | M98: ='effect size'!M98 -> 0.16 | N98: ='effect size'!N98 -> 0.0002 | O98: ='effect size'!O98 -> 0.02 | P98: ='effect size'!Q98 -> 8 | Q98: chamberlain | R98: no | S98: 1970 | T98: 1995 | U98: =(T98-S98) -> 25 | V98: 5 | W98: country | X98: oecd&ldc | Y98: gini | Z98: d&s | AA98: high | AB98: initial | AC98: adjusted | AD98: 1 | AE98: no
A99: Forbes (2000) | B99: forb(2000) | C99: 2000 | D99: 8 | E99: 4 | F99: 98 | G99: journal | H99: pooled | I99: annual growth rate | J99: ='effect size'!H99 -> no | K99: ='effect size'!I99 -> yes | L99: ='effect size'!L99 -> 0.0013 | M99: ='effect size'!M99 -> 0.13 | N99: ='effect size'!N99 -> 0.0006 | O99: ='effect size'!O99 -> 0.06 | P99: ='effect size'!Q99 -> 2.1666667 | Q99: gmm | R99: no | S99: 1970 | T99: 1995 | U99: =(T99-S99) -> 25 | V99: 5 | W99: country | X99: oecd&ldc | Y99: gini | Z99: d&s | AA99: high | AB99: initial | AC99: adjusted | AD99: 1 | AE99: no
A100: Forbes (2000) | B100: forb(2000) | C100: 2000 | D100: 8 | E100: 5 | F100: 99 | G100: journal | H100: pooled | I100: annual growth rate | J100: ='effect size'!H100 -> no | K100: ='effect size'!I100 -> yes | L100: ='effect size'!L100 -> 0.0013 | M100: ='effect size'!M100 -> 0.13 | N100: ='effect size'!N100 -> 0.0011 | O100: ='effect size'!O100 -> 0.11 | P100: ='effect size'!Q100 -> 1.1818182 | Q100: fixed effects | R100: no | S100: 1965 | T100: 1995 | U100: =(T100-S100) -> 30 | V100: 5 | W100: country | X100: oecd&ldc | Y100: gini | Z100: d&s | AA100: high | AB100: initial | AC100: adjusted | AD100: 1 | AE100: no
A101: Forbes (2000) | B101: forb(2000) | C101: 2000 | D101: 8 | E101: 6 | F101: 100 | G101: journal | H101: cross-section | I101: annual growth rate | J101: ='effect size'!H101 -> no | K101: ='effect size'!I101 -> yes | L101: ='effect size'!L101 -> -0.0005 | M101: ='effect size'!M101 -> -0.05 | N101: ='effect size'!N101 -> 0.0002 | O101: ='effect size'!O101 -> 0.02 | P101: ='effect size'!Q101 -> -2.5 | Q101: ols | R101: no | S101: 1970 | T101: 1995 | U101: =(T101-S101) -> 25 | V101: 25 | W101: country | X101: oecd&ldc | Y101: gini | Z101: d&s | AA101: low | AB101: initial | AC101: adjusted | AD101: 1 | AE101: no
A102: Forbes (2000) | B102: forb(2000) | C102: 2000 | D102: 8 | E102: 7 | F102: 101 | G102: journal | H102: cross-section | I102: annual growth rate | J102: ='effect size'!H102 -> no | K102: ='effect size'!I102 -> yes | L102: ='effect size'!L102 -> -0.0005 | M102: ='effect size'!M102 -> -0.05 | N102: ='effect size'!N102 -> 0.0003 | O102: ='effect size'!O102 -> 0.03 | P102: ='effect size'!Q102 -> -1.6666667 | Q102: ols | R102: no | S102: 1970 | T102: 1995 | U102: =(T102-S102) -> 25 | V102: 25 | W102: country | X102: oecd&ldc | Y102: gini | Z102: d&s | AA102: low | AB102: initial | AC102: adjusted | AD102: 1 | AE102: no
A103: Forbes (2000) | B103: forb(2000) | C103: 2000 | D103: 8 | E103: 8 | F103: 102 | G103: journal | H103: cross-section | I103: annual growth rate | J103: ='effect size'!H103 -> no | K103: ='effect size'!I103 -> yes | L103: ='effect size'!L103 -> -0.0005 | M103: ='effect size'!M103 -> -0.05 | N103: ='effect size'!N103 -> 0.0003 | O103: ='effect size'!O103 -> 0.03 | P103: ='effect size'!Q103 -> -1.6666667 | Q103: ols | R103: no | S103: 1970 | T103: 1995 | U103: =(T103-S103) -> 25 | V103: 25 | W103: country | X103: oecd&ldc | Y103: gini | Z103: d&s | AA103: high | AB103: initial | AC103: adjusted | AD103: 1 | AE103: no
A104: Forbes (2000) | B104: forb(2000) | C104: 2000 | D104: 8 | E104: 9 | F104: 103 | G104: journal | H104: pooled | I104: annual growth rate | J104: ='effect size'!H104 -> no | K104: ='effect size'!I104 -> yes | L104: ='effect size'!L104 -> 0.0002 | M104: ='effect size'!M104 -> 0.02 | N104: ='effect size'!N104 -> 0.0003 | O104: ='effect size'!O104 -> 0.03 | P104: ='effect size'!Q104 -> 0.66666667 | Q104: ols | R104: no | S104: 1970 | T104: 1995 | U104: =(T104-S104) -> 25 | V104: 25 | W104: country | X104: oecd&ldc | Y104: gini | Z104: d&s | AA104: low | AB104: initial | AC104: adjusted | AD104: 1 | AE104: no
A105: Forbes (2000) | B105: forb(2000) | C105: 2000 | D105: 8 | E105: 10 | F105: 104 | G105: journal | H105: pooled | I105: annual growth rate | J105: ='effect size'!H105 -> no | K105: ='effect size'!I105 -> yes | L105: ='effect size'!L105 -> -0.0001 | M105: ='effect size'!M105 -> -0.01 | N105: ='effect size'!N105 -> 0.0001 | O105: ='effect size'!O105 -> 0.01 | P105: ='effect size'!Q105 -> -1 | Q105: gmm | R105: no | S105: 1970 | T105: 1995 | U105: =(T105-S105) -> 25 | V105: 5 | W105: country | X105: oecd&ldc | Y105: gini | Z105: d&s | AA105: low | AB105: initial | AC105: adjusted | AD105: 1 | AE105: no
A106: Gylfason and Zoega (2003) | B106: gz(2003) | C106: 2003 | D106: 9 | E106: 1 | F106: 105 | G106: journal | H106: cross-section | I106: annual growth rate | J106: ='effect size'!H106 -> yes | K106: ='effect size'!I106 -> yes | L106: ='effect size'!L106 -> -0.04 | M106: ='effect size'!M106 -> -0.04 | N106: ='effect size'!N106 -> 0.014084507 | O106: ='effect size'!O106 -> 0.014084507 | P106: ='effect size'!Q106 -> -2.84 | Q106: smlt | R106: no | S106: 1965 | T106: 1998 | U106: =(T106-S106) -> 33 | V106: =T106-S106 -> 33 | W106: country | X106: oecd&ldc | Y106: gini | Z106: worldbank | AA106: high&low | AB106: initial | AC106: mixed | AD106: 1 | AE106: no
A107: Keefer and Knack (2002) | B107: kk(2002) | C107: 2002 | D107: 10 | E107: 1 | F107: 106 | G107: journal | H107: cross-section | I107: annual growth rate | J107: ='effect size'!H107 -> yes | K107: ='effect size'!I107 -> yes | L107: ='effect size'!L107 -> -0.088 | M107: ='effect size'!M107 -> -0.088 | N107: ='effect size'!N107 -> 0.025 | O107: ='effect size'!O107 -> 0.025 | P107: ='effect size'!Q107 -> -3.52 | Q107: ols | R107: yes | S107: 1970 | T107: 1992 | U107: =(T107-S107) -> 22 | V107: =T107-S107 -> 22 | W107: country | X107: oecd&ldc | Y107: gini | Z107: d&s | AA107: high | AB107: initial | AC107: adjusted | AD107: 1 | AE107: no
A108: Keefer and Knack (2002) | B108: kk(2002) | C108: 2002 | D108: 10 | E108: 2 | F108: 107 | G108: journal | H108: cross-section | I108: annual growth rate | J108: ='effect size'!H108 -> yes | K108: ='effect size'!I108 -> yes | L108: ='effect size'!L108 -> -0.046 | M108: ='effect size'!M108 -> -0.046 | N108: ='effect size'!N108 -> 0.03 | O108: ='effect size'!O108 -> 0.03 | P108: ='effect size'!Q108 -> -1.5333333 | Q108: ols | R108: yes | S108: 1970 | T108: 1992 | U108: =(T108-S108) -> 22 | V108: =T108-S108 -> 22 | W108: country | X108: oecd&ldc | Y108: gini | Z108: d&s | AA108: high | AB108: initial | AC108: adjusted | AD108: 1 | AE108: no
A109: Knell (1999) | B109: kne(1999) | C109: 1999 | D109: 11 | E109: 1 | F109: 108 | G109: journal | H109: cross-section | I109: annual growth rate | J109: ='effect size'!H109 -> no | K109: ='effect size'!I109 -> no | L109: ='effect size'!L109 -> -0.0376 | M109: ='effect size'!M109 -> -0.0376 | N109: ='effect size'!N109 -> 0.020512821 | O109: ='effect size'!O109 -> 0.020512821 | P109: ='effect size'!Q109 -> -1.833 | Q109: ols | R109: no | S109: 1960 | T109: 1985 | U109: =(T109-S109) -> 25 | V109: =T109-S109 -> 25 | W109: country | X109: oecd&ldc | Y109: gini | Z109: d&s | AA109: high | AB109: average | AC109: mixed | AD109: 1 | AE109: no
A110: Knell (1999) | B110: kne(1999) | C110: 1999 | D110: 11 | E110: 2 | F110: 109 | G110: journal | H110: cross-section | I110: annual growth rate | J110: ='effect size'!H110 -> no | K110: ='effect size'!I110 -> no | L110: ='effect size'!L110 -> -0.0841 | M110: ='effect size'!M110 -> -0.0841 | N110: ='effect size'!N110 -> 0.031616541 | O110: ='effect size'!O110 -> 0.031616541 | P110: ='effect size'!Q110 -> -2.66 | Q110: ols | R110: no | S110: 1960 | T110: 1985 | U110: =(T110-S110) -> 25 | V110: =T110-S110 -> 25 | W110: country | X110: oecd&ldc | Y110: gini | Z110: d&s | AA110: high | AB110: average | AC110: mixed | AD110: 1 | AE110: no
A111: Knell (1999) | B111: kne(1999) | C111: 1999 | D111: 11 | E111: 3 | F111: 110 | G111: journal | H111: cross-section | I111: annual growth rate | J111: ='effect size'!H111 -> no | K111: ='effect size'!I111 -> no | L111: ='effect size'!L111 -> -0.011 | M111: ='effect size'!M111 -> -0.011 | N111: ='effect size'!N111 -> 0.028571429 | O111: ='effect size'!O111 -> 0.028571429 | P111: ='effect size'!Q111 -> -0.385 | Q111: ols | R111: no | S111: 1960 | T111: 1985 | U111: =(T111-S111) -> 25 | V111: =T111-S111 -> 25 | W111: country | X111: oecd&ldc | Y111: gini | Z111: d&s | AA111: high | AB111: average | AC111: mixed | AD111: 1 | AE111: no
A112: Knowles (2005) | B112: kno(2005) | C112: 2005 | D112: 12 | E112: 1 | F112: 111 | G112: journal | H112: cross-section | I112: annual growth rate | J112: ='effect size'!H112 -> yes | K112: ='effect size'!I112 -> yes | L112: ='effect size'!L112 -> -0.017 | M112: ='effect size'!M112 -> -0.056666667 | N112: ='effect size'!N112 -> 0.0081730769 | O112: ='effect size'!O112 -> 0.02724359 | P112: ='effect size'!Q112 -> -2.08 | Q112: ols | R112: yes | S112: 1960 | T112: 1990 | U112: =(T112-S112) -> 30 | V112: =T112-S112 -> 30 | W112: country | X112: oecd&ldc | Y112: gini | Z112: wiid | AA112: high | AB112: initial | AC112: adjusted | AD112: 1 | AE112: no
A113: Knowles (2005) | B113: kno(2005) | C113: 2005 | D113: 12 | E113: 2 | F113: 112 | G113: journal | H113: cross-section | I113: annual growth rate | J113: ='effect size'!H113 -> yes | K113: ='effect size'!I113 -> yes | L113: ='effect size'!L113 -> -0.016 | M113: ='effect size'!M113 -> -0.053333333 | N113: ='effect size'!N113 -> 0.0082474227 | O113: ='effect size'!O113 -> 0.027491409 | P113: ='effect size'!Q113 -> -1.94 | Q113: ols | R113: yes | S113: 1960 | T113: 1990 | U113: =(T113-S113) -> 30 | V113: =T113-S113 -> 30 | W113: country | X113: oecd&ldc | Y113: gini | Z113: wiid | AA113: high | AB113: initial | AC113: adjusted | AD113: 1 | AE113: no
A114: Knowles (2005) | B114: kno(2005) | C114: 2005 | D114: 12 | E114: 3 | F114: 113 | G114: journal | H114: cross-section | I114: annual growth rate | J114: ='effect size'!H114 -> yes | K114: ='effect size'!I114 -> yes | L114: ='effect size'!L114 -> -0.02 | M114: ='effect size'!M114 -> -0.066666667 | N114: ='effect size'!N114 -> 0.0091324201 | O114: ='effect size'!O114 -> 0.0304414 | P114: ='effect size'!Q114 -> -2.19 | Q114: ols | R114: yes | S114: 1960 | T114: 1990 | U114: =(T114-S114) -> 30 | V114: =T114-S114 -> 30 | W114: country | X114: oecd&ldc | Y114: gini | Z114: wiid | AA114: high | AB114: initial | AC114: adjusted | AD114: 1 | AE114: no
A115: Knowles (2005) | B115: kno(2005) | C115: 2005 | D115: 12 | E115: 4 | F115: 114 | G115: journal | H115: cross-section | I115: annual growth rate | J115: ='effect size'!H115 -> yes | K115: ='effect size'!I115 -> yes | L115: ='effect size'!L115 -> -0.013 | M115: ='effect size'!M115 -> -0.043333333 | N115: ='effect size'!N115 -> 0.024074074 | O115: ='effect size'!O115 -> 0.080246914 | P115: ='effect size'!Q115 -> -0.54 | Q115: ols | R115: yes | S115: 1960 | T115: 1990 | U115: =(T115-S115) -> 30 | V115: =T115-S115 -> 30 | W115: country | X115: oecd&ldc | Y115: gini | Z115: wiid | AA115: high | AB115: initial | AC115: income | AD115: 1 | AE115: no
A116: Knowles (2005) | B116: kno(2005) | C116: 2005 | D116: 12 | E116: 5 | F116: 115 | G116: journal | H116: cross-section | I116: annual growth rate | J116: ='effect size'!H116 -> yes | K116: ='effect size'!I116 -> yes | L116: ='effect size'!L116 -> -0.02 | M116: ='effect size'!M116 -> -0.066666667 | N116: ='effect size'!N116 -> 0.0076045627 | O116: ='effect size'!O116 -> 0.025348542 | P116: ='effect size'!Q116 -> -2.63 | Q116: ols | R116: yes | S116: 1960 | T116: 1990 | U116: =(T116-S116) -> 30 | V116: =T116-S116 -> 30 | W116: country | X116: oecd&ldc | Y116: gini | Z116: wiid | AA116: high | AB116: initial | AC116: mixed | AD116: 1 | AE116: no
A117: Knowles (2005) | B117: kno(2005) | C117: 2005 | D117: 12 | E117: 6 | F117: 116 | G117: journal | H117: cross-section | I117: annual growth rate | J117: ='effect size'!H117 -> yes | K117: ='effect size'!I117 -> yes | L117: ='effect size'!L117 -> -0.019 | M117: ='effect size'!M117 -> -0.063333333 | N117: ='effect size'!N117 -> 0.0076305221 | O117: ='effect size'!O117 -> 0.025435074 | P117: ='effect size'!Q117 -> -2.49 | Q117: ols | R117: yes | S117: 1960 | T117: 1990 | U117: =(T117-S117) -> 30 | V117: =T117-S117 -> 30 | W117: country | X117: oecd&ldc | Y117: gini | Z117: wiid | AA117: high | AB117: initial | AC117: adjusted | AD117: 1 | AE117: no
... A123: Knowles (2005) | B123: kno(2005) | C123: 2005 | D123: 12 | E123: 12 | F123: 122 | G123: journal | H123: cross-section | I123: annual growth rate | J123: ='effect size'!H123 -> yes | K123: ='effect size'!I123 -> yes | L123: ='effect size'!L123 -> -0.018 | M123: ='effect size'!M123 -> -0.06 | N123: ='effect size'!N123 -> 0.0069767442 | O123: ='effect size'!O123 -> 0.023255814 | P123: ='effect size'!Q123 -> -2.58 | Q123: ols | R123: yes | S123: 1960 | T123: 1990 | U123: =(T123-S123) -> 30 | V123: =T123-S123 -> 30 | W123: country | X123: oecd&ldc | Y123: gini | Z123: wiid | AA123: high | AB123: initial | AC123: expenditure | AD123: 1 | AE123: no
A124: Odedokun and Round (2004) | B124: or(2004) | C124: 2004 | D124: 13 | E124: 1 | F124: 123 | G124: journal | H124: pooled | I124: annual growth rate | J124: ='effect size'!H124 -> no | K124: ='effect size'!I124 -> no | L124: ='effect size'!L124 -> -0.042 | M124: ='effect size'!M124 -> -0.042 | N124: ='effect size'!N124 -> 0.046666667 | O124: ='effect size'!O124 -> 0.046666667 | P124: ='effect size'!Q124 -> -0.9 | Q124: ols | R124: yes | S124: 1960 | T124: 2000 | U124: =(T124-S124) -> 40 | V124: 5 | W124: country | X124: ldc | Y124: gini | Z124: wiid | AA124: high | AB124: initial | AC124: mixed | AD124: 1 | AE124: no
A125: Odedokun and Round (2004) | B125: or(2004) | C125: 2004 | D125: 13 | E125: 2 | F125: 124 | G125: journal | H125: pooled | I125: annual growth rate | J125: ='effect size'!H125 -> no | K125: ='effect size'!I125 -> no | L125: ='effect size'!L125 -> -0.079 | M125: ='effect size'!M125 -> -0.079 | N125: ='effect size'!N125 -> 0.065833333 | O125: ='effect size'!O125 -> 0.065833333 | P125: ='effect size'!Q125 -> -1.2 | Q125: ols | R125: yes | S125: 1990 | T125: 2000 | U125: =(T125-S125) -> 10 | V125: 5 | W125: country | X125: ldc | Y125: gini | Z125: wiid | AA125: high | AB125: initial | AC125: mixed | AD125: 1 | AE125: no
A126: Odedokun and Round (2004) | B126: or(2004) | C126: 2004 | D126: 13 | E126: 3 | F126: 125 | G126: journal | H126: pooled | I126: annual growth rate | J126: ='effect size'!H126 -> no | K126: ='effect size'!I126 -> no | L126: ='effect size'!L126 -> -0.143 | M126: ='effect size'!M126 -> -0.143 | N126: ='effect size'!N126 -> 0.0572 | O126: ='effect size'!O126 -> 0.0572 | P126: ='effect size'!Q126 -> -2.5 | Q126: ols | R126: yes | S126: 1990 | T126: 2000 | U126: =(T126-S126) -> 10 | V126: 5 | W126: country | X126: ldc | Y126: gini | Z126: wiid | AA126: high | AB126: initial | AC126: mixed | AD126: 1 | AE126: no
A127: Odedokun and Round (2004) | B127: or(2004) | C127: 2004 | D127: 13 | E127: 4 | F127: 126 | G127: journal | H127: pooled | I127: annual growth rate | J127: ='effect size'!H127 -> no | K127: ='effect size'!I127 -> no | L127: ='effect size'!L127 -> -0.071 | M127: ='effect size'!M127 -> -0.071 | N127: ='effect size'!N127 -> 0.078888889 | O127: ='effect size'!O127 -> 0.078888889 | P127: ='effect size'!Q127 -> -0.9 | Q127: ols | R127: yes | S127: 1990 | T127: 2000 | U127: =(T127-S127) -> 10 | V127: 5 | W127: country | X127: ldc | Y127: gini | Z127: wiid | AA127: high | AB127: initial | AC127: mixed | AD127: 1 | AE127: no
A128: Persson and Tabellini (1991) | B128: pt(1991) | C128: 1991 | D128: 14 | E128: 1 | F128: 127 | G128: journal | H128: cross-section | I128: annual growth rate | J128: ='effect size'!H128 -> yes | K128: ='effect size'!I128 -> no | L128: ='effect size'!L128 -> -5.505 | M128: ='effect size'!M128 -> -0.05505 | N128: ='effect size'!N128 -> 2.5628492 | O128: ='effect size'!O128 -> 0.025628492 | P128: ='effect size'!Q128 -> -2.148 | Q128: ols | R128: no | S128: 1960 | T128: 1985 | U128: =(T128-S128) -> 25 | V128: =T128-S128 -> 25 | W128: country | X128: oecd&ldc | Y128: gini | Z128: na | AA128: high | AB128: initial | AC128: income | AD128: 1 | AE128: no
A129: Rehme (2002b) | B129: reh(2002) | C129: 2002 | D129: 15 | E129: 1 | F129: 128 | G129: working paper | H129: cross-section | I129: annual growth rate | J129: ='effect size'!H129 -> yes | K129: ='effect size'!I129 -> yes | L129: ='effect size'!L129 -> -0.066 | M129: ='effect size'!M129 -> -0.066 | N129: ='effect size'!N129 -> 0.019 | O129: ='effect size'!O129 -> 0.019 | P129: ='effect size'!Q129 -> -3.4736842 | Q129: ols | R129: no | S129: 1960 | T129: 1990 | U129: =(T129-S129) -> 30 | V129: =T129-S129 -> 30 | W129: country | X129: oecd&ldc | Y129: gini | Z129: d&s | AA129: high | AB129: average | AC129: income | AD129: 1 | AE129: yes
A130: Rehme (2002b) | B130: reh(2002) | C130: 2002 | D130: 15 | E130: 2 | F130: 129 | G130: working paper | H130: cross-section | I130: annual growth rate | J130: ='effect size'!H130 -> yes | K130: ='effect size'!I130 -> yes | L130: ='effect size'!L130 -> -0.067 | M130: ='effect size'!M130 -> -0.067 | N130: ='effect size'!N130 -> 0.018 | O130: ='effect size'!O130 -> 0.018 | P130: ='effect size'!Q130 -> -3.7222222 | Q130: ols | R130: no | S130: 1960 | T130: 1990 | U130: =(T130-S130) -> 30 | V130: =T130-S130 -> 30 | W130: country | X130: oecd&ldc | Y130: gini | Z130: d&s | AA130: high | AB130: average | AC130: income | AD130: 1 | AE130: yes
A131: Rehme (2002b) | B131: reh(2002) | C131: 2002 | D131: 15 | E131: 3 | F131: 130 | G131: working paper | H131: cross-section | I131: annual growth rate | J131: ='effect size'!H131 -> yes | K131: ='effect size'!I131 -> yes | L131: ='effect size'!L131 -> -0.065 | M131: ='effect size'!M131 -> -0.065 | N131: ='effect size'!N131 -> 0.016 | O131: ='effect size'!O131 -> 0.016 | P131: ='effect size'!Q131 -> -4.0625 | Q131: ols | R131: no | S131: 1960 | T131: 1990 | U131: =(T131-S131) -> 30 | V131: =T131-S131 -> 30 | W131: country | X131: oecd&ldc | Y131: gini | Z131: d&s | AA131: high | AB131: average | AC131: income | AD131: 1 | AE131: no
A132: Rehme (2002b) | B132: reh(2002) | C132: 2002 | D132: 15 | E132: 4 | F132: 131 | G132: working paper | H132: cross-section | I132: annual growth rate | J132: ='effect size'!H132 -> yes | K132: ='effect size'!I132 -> yes | L132: ='effect size'!L132 -> -0.087 | M132: ='effect size'!M132 -> -0.087 | N132: ='effect size'!N132 -> 0.017 | O132: ='effect size'!O132 -> 0.017 | P132: ='effect size'!Q132 -> -5.1176471 | Q132: ols | R132: no | S132: 1960 | T132: 1990 | U132: =(T132-S132) -> 30 | V132: =T132-S132 -> 30 | W132: country | X132: oecd&ldc | Y132: gini | Z132: d&s | AA132: high | AB132: average | AC132: income | AD132: 1 | AE132: no
A133: Rehme (2002b) | B133: reh(2002) | C133: 2002 | D133: 15 | E133: 5 | F133: 132 | G133: working paper | H133: cross-section | I133: annual growth rate | J133: ='effect size'!H133 -> yes | K133: ='effect size'!I133 -> yes | L133: ='effect size'!L133 -> -0.034 | M133: ='effect size'!M133 -> -0.034 | N133: ='effect size'!N133 -> 0.044 | O133: ='effect size'!O133 -> 0.044 | P133: ='effect size'!Q133 -> -0.77272727 | Q133: ols | R133: no | S133: 1960 | T133: 1990 | U133: =(T133-S133) -> 30 | V133: =T133-S133 -> 30 | W133: country | X133: oecd&ldc | Y133: gini | Z133: d&s | AA133: high | AB133: average | AC133: income | AD133: 1 | AE133: no
A134: Rehme (2002b) | B134: reh(2002) | C134: 2002 | D134: 15 | E134: 6 | F134: 133 | G134: working paper | H134: cross-section | I134: annual growth rate | J134: ='effect size'!H134 -> yes | K134: ='effect size'!I134 -> yes | L134: ='effect size'!L134 -> -0.044 | M134: ='effect size'!M134 -> -0.044 | N134: ='effect size'!N134 -> 0.028 | O134: ='effect size'!O134 -> 0.028 | P134: ='effect size'!Q134 -> -1.5714286 | Q134: ols | R134: no | S134: 1960 | T134: 1990 | U134: =(T134-S134) -> 30 | V134: =T134-S134 -> 30 | W134: country | X134: oecd&ldc | Y134: gini | Z134: d&s | AA134: high | AB134: average | AC134: income | AD134: 1 | AE134: yes
A135: Rehme (2002b) | B135: reh(2002) | C135: 2002 | D135: 15 | E135: 7 | F135: 134 | G135: working paper | H135: cross-section | I135: annual growth rate | J135: ='effect size'!H135 -> yes | K135: ='effect size'!I135 -> yes | L135: ='effect size'!L135 -> -0.046 | M135: ='effect size'!M135 -> -0.046 | N135: ='effect size'!N135 -> 0.025 | O135: ='effect size'!O135 -> 0.025 | P135: ='effect size'!Q135 -> -1.84 | Q135: ols | R135: no | S135: 1960 | T135: 1990 | U135: =(T135-S135) -> 30 | V135: =T135-S135 -> 30 | W135: country | X135: oecd&ldc | Y135: gini | Z135: d&s | AA135: high | AB135: average | AC135: income | AD135: 1 | AE135: no
A136: Rehme (2002b) | B136: reh(2002) | C136: 2002 | D136: 15 | E136: 8 | F136: 135 | G136: working paper | H136: cross-section | I136: annual growth rate | J136: ='effect size'!H136 -> yes | K136: ='effect size'!I136 -> yes | L136: ='effect size'!L136 -> -0.15 | M136: ='effect size'!M136 -> -0.15 | N136: ='effect size'!N136 -> 0.049 | O136: ='effect size'!O136 -> 0.049 | P136: ='effect size'!Q136 -> -3.0612245 | Q136: ols | R136: no | S136: 1960 | T136: 1990 | U136: =(T136-S136) -> 30 | V136: =T136-S136 -> 30 | W136: country | X136: oecd&ldc | Y136: gini | Z136: d&s | AA136: high | AB136: average | AC136: income | AD136: 1 | AE136: no
A137: Rehme (2002b) | B137: reh(2002) | C137: 2002 | D137: 15 | E137: 9 | F137: 136 | G137: working paper | H137: cross-section | I137: annual growth rate | J137: ='effect size'!H137 -> yes | K137: ='effect size'!I137 -> yes | L137: ='effect size'!L137 -> -0.063 | M137: ='effect size'!M137 -> -0.063 | N137: ='effect size'!N137 -> 0.029 | O137: ='effect size'!O137 -> 0.029 | P137: ='effect size'!Q137 -> -2.1724138 | Q137: ols | R137: no | S137: 1960 | T137: 1990 | U137: =(T137-S137) -> 30 | V137: =T137-S137 -> 30 | W137: country | X137: oecd&ldc | Y137: gini | Z137: d&s | AA137: high | AB137: average | AC137: income | AD137: 1 | AE137: no
A138: Rehme (2002b) | B138: reh(2002) | C138: 2002 | D138: 15 | E138: 10 | F138: 137 | G138: working paper | H138: cross-section | I138: annual growth rate | J138: ='effect size'!H138 -> yes | K138: ='effect size'!I138 -> yes | L138: ='effect size'!L138 -> -0.15 | M138: ='effect size'!M138 -> -0.15 | N138: ='effect size'!N138 -> 0.048 | O138: ='effect size'!O138 -> 0.048 | P138: ='effect size'!Q138 -> -3.125 | Q138: ols | R138: no | S138: 1960 | T138: 1990 | U138: =(T138-S138) -> 30 | V138: =T138-S138 -> 30 | W138: country | X138: oecd&ldc | Y138: gini | Z138: d&s | AA138: high | AB138: average | AC138: income | AD138: 1 | AE138: no
A139: Rehme (2002b) | B139: reh(2002) | C139: 2002 | D139: 15 | E139: 11 | F139: 138 | G139: working paper | H139: cross-section | I139: annual growth rate | J139: ='effect size'!H139 -> yes | K139: ='effect size'!I139 -> yes | L139: ='effect size'!L139 -> -0.02 | M139: ='effect size'!M139 -> -0.02 | N139: ='effect size'!N139 -> 0.022 | O139: ='effect size'!O139 -> 0.022 | P139: ='effect size'!Q139 -> -0.90909091 | Q139: ols | R139: no | S139: 1960 | T139: 1990 | U139: =(T139-S139) -> 30 | V139: =T139-S139 -> 30 | W139: country | X139: oecd&ldc | Y139: gini | Z139: lis | AA139: high | AB139: average | AC139: income | AD139: 1 | AE139: no
... A147: Rehme (2002b) | B147: reh(2002) | C147: 2002 | D147: 15 | E147: 19 | F147: 146 | G147: working paper | H147: cross-section | I147: annual growth rate | J147: ='effect size'!H147 -> yes | K147: ='effect size'!I147 -> yes | L147: ='effect size'!L147 -> -0.121 | M147: ='effect size'!M147 -> -0.121 | N147: ='effect size'!N147 -> 0.033 | O147: ='effect size'!O147 -> 0.033 | P147: ='effect size'!Q147 -> -3.6666667 | Q147: ols | R147: no | S147: 1960 | T147: 1990 | U147: =(T147-S147) -> 30 | V147: =T147-S147 -> 30 | W147: country | X147: oecd&ldc | Y147: gini | Z147: lis | AA147: high | AB147: average | AC147: income | AD147: 1 | AE147: no
A148: Li and Zou (1998) | B148: lizou(1998) | C148: 1998 | D148: 16 | E148: 1 | F148: 147 | G148: journal | H148: pooled | I148: annual growth rate | J148: ='effect size'!H148 -> yes | K148: ='effect size'!I148 -> yes | L148: ='effect size'!L148 -> 0.149 | M148: ='effect size'!M148 -> 0.149 | N148: ='effect size'!N148 -> 0.061165846 | O148: ='effect size'!O148 -> 0.061165846 | P148: ='effect size'!Q148 -> 2.436 | Q148: fixed effects | R148: no | S148: 1960 | T148: 1990 | U148: =(T148-S148) -> 30 | V148: 5 | W148: country | X148: oecd&ldc | Y148: gini | Z148: d&s | AA148: high | AB148: average | AC148: adjusted | AD148: 1 | AE148: no
A149: Li and Zou (1998) | B149: lizou(1998) | C149: 1998 | D149: 16 | E149: 2 | F149: 148 | G149: journal | H149: pooled | I149: annual growth rate | J149: ='effect size'!H149 -> yes | K149: ='effect size'!I149 -> yes | L149: ='effect size'!L149 -> 0.031 | M149: ='effect size'!M149 -> 0.031 | N149: ='effect size'!N149 -> 0.045925926 | O149: ='effect size'!O149 -> 0.045925926 | P149: ='effect size'!Q149 -> 0.675 | Q149: random effects | R149: no | S149: 1960 | T149: 1990 | U149: =(T149-S149) -> 30 | V149: 5 | W149: country | X149: oecd&ldc | Y149: gini | Z149: d&s | AA149: high | AB149: average | AC149: adjusted | AD149: 1 | AE149: no
A150: Li and Zou (1998) | B150: lizou(1998) | C150: 1998 | D150: 16 | E150: 3 | F150: 149 | G150: journal | H150: pooled | I150: annual growth rate | J150: ='effect size'!H150 -> yes | K150: ='effect size'!I150 -> yes | L150: ='effect size'!L150 -> 0.154 | M150: ='effect size'!M150 -> 0.154 | N150: ='effect size'!N150 -> 0.057764441 | O150: ='effect size'!O150 -> 0.057764441 | P150: ='effect size'!Q150 -> 2.666 | Q150: fixed effects | R150: no | S150: 1960 | T150: 1990 | U150: =(T150-S150) -> 30 | V150: 5 | W150: country | X150: oecd&ldc | Y150: gini | Z150: d&s | AA150: high | AB150: average | AC150: adjusted | AD150: 1 | AE150: no
A151: Li and Zou (1998) | B151: lizou(1998) | C151: 1998 | D151: 16 | E151: 4 | F151: 150 | G151: journal | H151: pooled | I151: annual growth rate | J151: ='effect size'!H151 -> yes | K151: ='effect size'!I151 -> yes | L151: ='effect size'!L151 -> 0.102 | M151: ='effect size'!M151 -> 0.102 | N151: ='effect size'!N151 -> 0.051489147 | O151: ='effect size'!O151 -> 0.051489147 | P151: ='effect size'!Q151 -> 1.981 | Q151: random effects | R151: no | S151: 1960 | T151: 1990 | U151: =(T151-S151) -> 30 | V151: 5 | W151: country | X151: oecd&ldc | Y151: gini | Z151: d&s | AA151: high | AB151: average | AC151: adjusted | AD151: 1 | AE151: no
A152: Li and Zou (1998) | B152: lizou(1998) | C152: 1998 | D152: 16 | E152: 5 | F152: 151 | G152: journal | H152: pooled | I152: annual growth rate | J152: ='effect size'!H152 -> yes | K152: ='effect size'!I152 -> yes | L152: ='effect size'!L152 -> 0.15 | M152: ='effect size'!M152 -> 0.15 | N152: ='effect size'!N152 -> 0.061957869 | O152: ='effect size'!O152 -> 0.061957869 | P152: ='effect size'!Q152 -> 2.421 | Q152: fixed effects | R152: no | S152: 1960 | T152: 1990 | U152: =(T152-S152) -> 30 | V152: 5 | W152: country | X152: oecd&ldc | Y152: gini | Z152: d&s | AA152: high | AB152: average | AC152: adjusted | AD152: 1 | AE152: no
A153: Li and Zou (1998) | B153: lizou(1998) | C153: 1998 | D153: 16 | E153: 6 | F153: 152 | G153: journal | H153: pooled | I153: annual growth rate | J153: ='effect size'!H153 -> yes | K153: ='effect size'!I153 -> yes | L153: ='effect size'!L153 -> 0.034 | M153: ='effect size'!M153 -> 0.034 | N153: ='effect size'!N153 -> 0.04735376 | O153: ='effect size'!O153 -> 0.04735376 | P153: ='effect size'!Q153 -> 0.718 | Q153: random effects | R153: no | S153: 1960 | T153: 1990 | U153: =(T153-S153) -> 30 | V153: 5 | W153: country | X153: oecd&ldc | Y153: gini | Z153: d&s | AA153: high | AB153: average | AC153: adjusted | AD153: 1 | AE153: no
A154: Li and Zou (1998) | B154: lizou(1998) | C154: 1998 | D154: 16 | E154: 7 | F154: 153 | G154: journal | H154: pooled | I154: annual growth rate | J154: ='effect size'!H154 -> yes | K154: ='effect size'!I154 -> yes | L154: ='effect size'!L154 -> 0.156 | M154: ='effect size'!M154 -> 0.156 | N154: ='effect size'!N154 -> 0.058100559 | O154: ='effect size'!O154 -> 0.058100559 | P154: ='effect size'!Q154 -> 2.685 | Q154: fixed effects | R154: no | S154: 1960 | T154: 1990 | U154: =(T154-S154) -> 30 | V154: 5 | W154: country | X154: oecd&ldc | Y154: gini | Z154: d&s | AA154: high | AB154: average | AC154: adjusted | AD154: 1 | AE154: no
A155: Li and Zou (1998) | B155: lizou(1998) | C155: 1998 | D155: 16 | E155: 8 | F155: 154 | G155: journal | H155: pooled | I155: annual growth rate | J155: ='effect size'!H155 -> yes | K155: ='effect size'!I155 -> yes | L155: ='effect size'!L155 -> 0.105 | M155: ='effect size'!M155 -> 0.105 | N155: ='effect size'!N155 -> 0.051369863 | O155: ='effect size'!O155 -> 0.051369863 | P155: ='effect size'!Q155 -> 2.044 | Q155: random effects | R155: no | S155: 1960 | T155: 1990 | U155: =(T155-S155) -> 30 | V155: 5 | W155: country | X155: oecd&ldc | Y155: gini | Z155: d&s | AA155: high | AB155: average | AC155: adjusted | AD155: 1 | AE155: no
A156: Li and Zou (1998) | B156: lizou(1998) | C156: 1998 | D156: 16 | E156: 9 | F156: 155 | G156: journal | H156: pooled | I156: annual growth rate | J156: ='effect size'!H156 -> yes | K156: ='effect size'!I156 -> yes | L156: ='effect size'!L156 -> 0.165 | M156: ='effect size'!M156 -> 0.165 | N156: ='effect size'!N156 -> 0.063755796 | O156: ='effect size'!O156 -> 0.063755796 | P156: ='effect size'!Q156 -> 2.588 | Q156: fixed effects | R156: no | S156: 1960 | T156: 1990 | U156: =(T156-S156) -> 30 | V156: 5 | W156: country | X156: oecd&ldc | Y156: gini | Z156: d&s | AA156: high | AB156: average | AC156: adjusted | AD156: 1 | AE156: no
A157: Li and Zou (1998) | B157: lizou(1998) | C157: 1998 | D157: 16 | E157: 10 | F157: 156 | G157: journal | H157: pooled | I157: annual growth rate | J157: ='effect size'!H157 -> yes | K157: ='effect size'!I157 -> yes | L157: ='effect size'!L157 -> 0.182 | M157: ='effect size'!M157 -> 0.182 | N157: ='effect size'!N157 -> 0.062823611 | O157: ='effect size'!O157 -> 0.062823611 | P157: ='effect size'!Q157 -> 2.897 | Q157: fixed effects | R157: no | S157: 1960 | T157: 1990 | U157: =(T157-S157) -> 30 | V157: 5 | W157: country | X157: oecd&ldc | Y157: gini | Z157: d&s | AA157: high | AB157: average | AC157: adjusted | AD157: 1 | AE157: no
...

Sheet effect size
A1: reference | B1: Study ID | C1: Estimate ID | D1: Obs ID | E1: cross -section or pooled | F1: Definition Dependent variable | G1: Estimator | H1: dependent variable in percentage points | I1: gini in percentage points | J1: lenght of growth episode | K1: Initial GDP estimate | L1: Effect Size | M1: effect size corrected | N1: Standard Error | O1: SE corrected | P1: t-value | Q1: t-value_corr | R1: comments
A2: Alesina and Rodrik (1994) | B2: 1 | C2: 1 | D2: 1 | E2: cross-section | F2: annual growth rate | G2: ols | H2: yes | I2: no | J2: 25 | K2: -0.44 | L2: -5.7 | M2: -0.057 | N2: 2.3170732 | O2: 0.023170732 | P2: -2.46 | Q2: -2.46 | U2: Table 1: transformation of the effect size
A3: Alesina and Rodrik (1994) | B3: 1 | C3: 2 | D3: 2 | E3: cross-section | F3: annual growth rate | G3: smlt | H3: yes | I3: no | J3: 25 | K3: -0.52 | L3: -15.98 | M3: -0.1598 | N3: 4.9781931 | O3: 0.049781931 | P3: -3.21 | Q3: -3.21 | R3: (Alesina and Rodrik) | W3: Gini coefficient
A4: Alesina and Rodrik (1994) | B4: 1 | C4: 3 | D4: 3 | E4: cross-section | F4: annual growth rate | G4: ols | H4: yes | I4: no | J4: 25 | K4: -0.48 | L4: -3.58 | M4: -0.0358 | N4: 1.9779006 | O4: 0.019779006 | P4: -1.81 | Q4: -1.81 | R4: the correct effect sizes have been obtained as: | V4: percentage points | W4: no | X4: yes
A5: Alesina and Rodrik (1994) | B5: 1 | C5: 4 | D5: 4 | E5: cross-section | F5: annual growth rate | G5: smlt | H5: yes | I5: no | J5: 25 | K5: -0.58 | L5: -12.93 | M5: -0.1293 | N5: 4.1442308 | O5: 0.041442308 | P5: -3.12 | Q5: -3.12 | R5: corr-eff.size=effect size/100 | U5: growth rate | V5: no | W5: unchanged | X5: (effect size)•100
A6: Alesina and Rodrik (1994) | B6: 1 | C6: 5 | D6: 5 | E6: cross-section | F6: annual growth rate | G6: ols | H6: yes | I6: no | J6: 25 | K6: -0.38 | L6: -3.47 | M6: -0.0347 | N6: 1.9065934 | O6: 0.019065934 | P6: -1.82 | Q6: -1.82 | V6: yes | W6: (effect size)/100 | X6: unchanged
A7: Alesina and Rodrik (1994) | B7: 1 | C7: 6 | D7: 6 | E7: cross-section | F7: annual growth rate | G7: ols | H7: yes | I7: no | J7: 25 | K7: -0.39 | L7: -3.45 | M7: -0.0345 | N7: 1.9273743 | O7: 0.019273743 | P7: -1.79 | Q7: -1.79
A8: Alesina and Rodrik (1994) | B8: 1 | C8: 7 | D8: 7 | E8: cross-section | F8: annual growth rate | G8: ols | H8: yes | I8: no | J8: 25 | K8: -0.38 | L8: -3.47 | M8: -0.0347 | N8: 1.9277778 | O8: 0.019277778 | P8: -1.8 | Q8: -1.8
A9: Alesina and Rodrik (1994) | B9: 1 | C9: 8 | D9: 8 | E9: cross-section | F9: annual growth rate | G9: ols | H9: yes | I9: no | J9: 25 | K9: -0.29 | L9: -9.71 | M9: -0.0971 | N9: 2.6823204 | O9: 0.026823204 | P9: -3.62 | Q9: -3.62 | U9: note: when the growth rate is not annual, the coefficients in the primary studies have been divided by the lenght of the growth period
A10: Alesina and Rodrik (1994) | B10: 1 | C10: 9 | D10: 9 | E10: cross-section | F10: annual growth rate | G10: ols | H10: yes | I10: no | J10: 25 | K10: -0.27 | L10: -7.95 | M10: -0.0795 | N10: 2.277937 | O10: 0.02277937 | P10: -3.49 | Q10: -3.49
A11: Alesina and Rodrik (1994) | B11: 1 | C11: 10 | D11: 10 | E11: cross-section | F11: annual growth rate | G11: ols | H11: yes | I11: no | J11: 25 | K11: -0.28 | L11: -5.71 | M11: -0.0571 | N11: 2.4506438 | O11: 0.024506438 | P11: -2.33 | Q11: -2.33
A12: Alesina and Rodrik (1994) | B12: 1 | C12: 11 | D12: 11 | E12: cross-section | F12: annual growth rate | G12: ols | H12: yes | I12: no | J12: 25 | K12: -0.28 | L12: -5.74 | M12: -0.0574 | N12: 2.4956522 | O12: 0.024956522 | P12: -2.3 | Q12: -2.3
A13: Alesina and Rodrik (1994) | B13: 1 | C13: 12 | D13: 12 | E13: cross-section | F13: annual growth rate | G13: ols | H13: yes | I13: no | J13: 25 | K13: -0.27 | L13: -5.73 | M13: -0.0573 | N13: 2.4913043 | O13: 0.024913043 | P13: -2.3 | Q13: -2.3
A14: Banerjee and Duflo (2003) | B14: 2 | C14: 1 | D14: 13 | E14: pooled | F14: annual growth rate | G14: random effects | H14: no | I14: yes | J14: 5 | K14: na | L14: 0.021 | M14: 0.021 | N14: 0.09 | O14: 0.09 | P14: 0.23333333 | Q14: 0.23333333 | R14: (Banerjee and Duflo)
A15: Banerjee and Duflo (2003) | B15: 2 | C15: 2 | D15: 14 | E15: pooled | F15: annual growth rate | G15: first differences | H15: no | I15: yes | J15: 5 | K15: na | L15: 0.298 | M15: 0.298 | N15: 0.18 | O15: 0.18 | P15: 1.6555556 | Q15: 1.6555556 | R15: values in this study don't require to be corrected
A16: Banerjee and Duflo (2003) | B16: 2 | C16: 3 | D16: 15 | E16: pooled | F16: annual growth rate | G16: fixed effects | H16: no | I16: yes | J16: 5 | K16: na | L16: 0.297 | M16: 0.297 | N16: 0.16 | O16: 0.16 | P16: 1.85625 | Q16: 1.85625
A17: Banerjee and Duflo (2003) | B17: 2 | C17: 4 | D17: 16 | E17: pooled | F17: annual growth rate | G17: gmm | H17: no | I17: yes | J17: 5 | K17: na | L17: 0.56 | M17: 0.56 | N17: 0.039 | O17: 0.039 | P17: 14.358974 | Q17: 14.358974
A18: Banerjee and Duflo (2003) | B18: 2 | C18: 5 | D18: 17 | E18: pooled | F18: annual growth rate | G18: random effects | H18: no | I18: yes | J18: 5 | K18: na | L18: -0.03 | M18: -0.03 | N18: 0.043 | O18: 0.043 | P18: -0.69767442 | Q18: -0.69767442
A19: Banerjee and Duflo (2003) | B19: 2 | C19: 6 | D19: 18 | E19: pooled | F19: annual growth rate | G19: first differences | H19: no | I19: yes | J19: 5 | K19: na | L19: 0.158 | M19: 0.158 | N19: 0.068 | O19: 0.068 | P19: 2.3235294 | Q19: 2.3235294
A20: Banerjee and Duflo (2003) | B20: 2 | C20: 7 | D20: 19 | E20: pooled | F20: annual growth rate | G20: fixed effects | H20: no | I20: yes | J20: 5 | K20: na | L20: 0.155 | M20: 0.155 | N20: 0.063 | O20: 0.063 | P20: 2.4603175 | Q20: 2.4603175
A21: Banerjee and Duflo (2003) | B21: 2 | C21: 8 | D21: 20 | E21: pooled | F21: annual growth rate | G21: gmm | H21: no | I21: yes | J21: 5 | K21: na | L21: 0.27 | M21: 0.27 | N21: 0.016 | O21: 0.016 | P21: 16.875 | Q21: 16.875
A22: Clarke (1995) | B22: 3 | C22: 1 | D22: 21 | E22: cross-section | F22: annual growth rate | G22: ols | H22: no | I22: no | J22: 28 | K22: -0.0026 | L22: -0.0691 | M22: -0.0691 | N22: 0.026679537 | O22: 0.026679537 | P22: -2.59 | Q22: -2.59 | R22: (Clarke)
A23: Clarke (1995) | B23: 3 | C23: 2 | D23: 22 | E23: cross-section | F23: annual growth rate | G23: ols | H23: no | I23: no | J23: 28 | K23: -0.00253 | L23: -0.0547 | M23: -0.0547 | N23: 0.025207373 | O23: 0.025207373 | P23: -2.17 | Q23: -2.17 | R23: values in this study don't require to be corrected
A24: Clarke (1995) | B24: 3 | C24: 3 | D24: 23 | E24: cross-section | F24: annual growth rate | G24: ols | H24: no | I24: no | J24: 28 | K24: -0.00402 | L24: -0.0678 | M24: -0.0678 | N24: 0.028728814 | O24: 0.028728814 | P24: -2.36 | Q24: -2.36
A25: Clarke (1995) | B25: 3 | C25: 4 | D25: 24 | E25: cross-section | F25: annual growth rate | G25: ols | H25: no | I25: no | J25: 28 | K25: -0.0026 | L25: -0.0691 | M25: -0.0691 | N25: 0.022730263 | O25: 0.022730263 | P25: -3.04 | Q25: -3.04
A26: Clarke (1995) | B26: 3 | C26: 5 | D26: 25 | E26: cross-section | F26: annual growth rate | G26: ols | H26: no | I26: no | J26: 28 | K26: -0.0008 | L26: -0.0589 | M26: -0.0589 | N26: 0.017172012 | O26: 0.017172012 | P26: -3.43 | Q26: -3.43
A27: Clarke (1995) | B27: 3 | C27: 6 | D27: 26 | E27: cross-section | F27: annual growth rate | G27: smlt | H27: no | I27: no | J27: 28 | K27: -0.0025 | L27: -0.1713 | M27: -0.1713 | N27: 0.051441441 | O27: 0.051441441 | P27: -3.33 | Q27: -3.33
A28: Clarke (1995) | B28: 3 | C28: 7 | D28: 27 | E28: cross-section | F28: annual growth rate | G28: ols | H28: no | I28: no | J28: 28 | K28: -0.003 | L28: -0.0783 | M28: -0.0783 | N28: 0.02943609 | O28: 0.02943609 | P28: -2.66 | Q28: -2.66
A29: Deininger and Olinto (2000) | B29: 4 | C29: 1 | D29: 28 | E29: pooled | F29: annual growth rate | G29: gmm | H29: yes | I29: yes | J29: 5 | K29: -0.1887 | L29: 0.0017 | M29: 0.17 | N29: 0.0021 | O29: 0.21 | P29: 0.80952381 | Q29: 0.80952381
A30: Deininger and Olinto (2000) | B30: 4 | C30: 2 | D30: 29 | E30: pooled | F30: annual growth rate | G30: gmm | H30: yes | I30: yes | J30: 5 | K30: -0.0573 | L30: -0.0035 | M30: -0.35 | N30: 0.001 | O30: 0.1 | P30: -3.5 | Q30: -3.5
A31: Deininger and Olinto (2000) | B31: 4 | C31: 3 | D31: 30 | E31: pooled | F31: annual growth rate | G31: fixed effects | H31: yes | I31: yes | J31: 5 | K31: -0.417 | L31: 0.0033 | M31: 0.33 | N31: 0.0023 | O31: 0.23 | P31: 1.4347826 | Q31: 1.4347826 | R31: (Deininger and Olinto)
A32: Deininger and Olinto (2000) | B32: 4 | C32: 4 | D32: 31 | E32: pooled | F32: annual growth rate | G32: gmm | H32: yes | I32: yes | J32: 5 | K32: -0.0529 | L32: 0.0041 | M32: 0.41 | N32: 0.0016 | O32: 0.16 | P32: 2.5625 | Q32: 2.5625 | R32: the correct effect sizes have been obtained as:
A33: Deininger and Olinto (2000) | B33: 4 | C33: 5 | D33: 32 | E33: pooled | F33: annual growth rate | G33: gmm | H33: yes | I33: yes | J33: 5 | K33: -0.2481 | L33: -0.0057 | M33: -0.57 | N33: 0.0009 | O33: 0.09 | P33: -6.3333333 | Q33: -6.3333333 | R33: corr.eff-size=eff.size*100
A34: Deininger and Olinto (2000) | B34: 4 | C34: 6 | D34: 33 | E34: pooled | F34: annual growth rate | G34: fixed effects | H34: yes | I34: yes | J34: 5 | K34: -0.3381 | L34: 0.0033 | M34: 0.33 | N34: 0.0023 | O34: 0.23 | P34: 1.4347826 | Q34: 1.4347826
A35: Deininger and Olinto (2000) | B35: 4 | C35: 7 | D35: 34 | E35: pooled | F35: annual growth rate | G35: gmm | H35: yes | I35: yes | J35: 5 | K35: -0.11 | L35: 0.0046 | M35: 0.46 | N35: 0.001 | O35: 0.1 | P35: 4.6 | Q35: 4.6
A36: Deininger and Olinto (2000) | B36: 4 | C36: 8 | D36: 35 | E36: pooled | F36: annual growth rate | G36: gmm | H36: yes | I36: yes | J36: 5 | K36: -0.173 | L36: 0.0009 | M36: 0.09 | N36: 0.0006 | O36: 0.06 | P36: 1.5 | Q36: 1.5
A37: Deininger and Olinto (2000) | B37: 4 | C37: 9 | D37: 36 | E37: pooled | F37: annual growth rate | G37: fixed effects | H37: yes | I37: yes | J37: 5 | K37: -0.6392 | L37: 0.0032 | M37: 0.32 | N37: 0.0022 | O37: 0.22 | P37: 1.4545455 | Q37: 1.4545455
A38: Deininger and Squire (1998) | B38: 5 | C38: 1 | D38: 37 | E38: cross-section | F38: annual growth rate | G38: ols | H38: yes | I38: yes | J38: 32 | K38: -0.302 | L38: -0.047 | M38: -0.047 | N38: 0.016785714 | O38: 0.016785714 | P38: 2.8 | Q38: -2.8
A39: Deininger and Squire (1998) | B39: 5 | C39: 2 | D39: 38 | E39: cross-section | F39: annual growth rate | G39: ols | H39: yes | I39: yes | J39: 32 | K39: -0.205 | L39: -0.019 | M39: -0.019 | N39: 0.02 | O39: 0.02 | P39: 0.95 | Q39: -0.95
A40: Deininger and Squire (1998) | B40: 5 | C40: 3 | D40: 39 | E40: cross-section | F40: annual growth rate | G40: ols | H40: yes | I40: yes | J40: 32 | K40: -0.308 | L40: -0.025 | M40: -0.025 | N40: 0.018656716 | O40: 0.018656716 | P40: 1.34 | Q40: -1.34
A41: Deininger and Squire (1998) | B41: 5 | C41: 4 | D41: 40 | E41: cross-section | F41: annual growth rate | G41: ols | H41: yes | I41: yes | J41: 32 | K41: -0.248 | L41: -0.019 | M41: -0.019 | N41: 0.022093023 | O41: 0.022093023 | P41: 0.86 | Q41: -0.86 | R41: (Deininger and Squire)
A42: Deininger and Squire (1998) | B42: 5 | C42: 5 | D42: 41 | E42: cross-section | F42: annual growth rate | G42: ols | H42: yes | I42: yes | J42: 32 | K42: -0.301 | L42: -0.018 | M42: -0.018 | N42: 0.03 | O42: 0.03 | P42: 0.6 | Q42: -0.6 | R42: values in this study don't require to be corrected
A43: Deininger and Squire (1998) | B43: 5 | C43: 6 | D43: 42 | E43: cross-section | F43: annual growth rate | G43: ols | H43: yes | I43: yes | J43: 32 | K43: -0.338 | L43: -0.045 | M43: -0.045 | N43: 0.035433071 | O43: 0.035433071 | P43: 1.27 | Q43: -1.27
A44: Deininger and Squire (1998) | B44: 5 | C44: 7 | D44: 43 | E44: cross-section | F44: annual growth rate | G44: ols | H44: yes | I44: yes | J44: 32 | K44: -0.251 | L44: -0.022 | M44: -0.022 | N44: 0.025581395 | O44: 0.025581395 | P44: 0.86 | Q44: -0.86
A45: Deininger and Squire (1998) | B45: 5 | C45: 8 | D45: 44 | E45: cross-section | F45: annual growth rate | G45: ols | H45: yes | I45: yes | J45: 32 | K45: -0.29 | L45: 0.025 | M45: 0.025 | N45: 0.033333333 | O45: 0.033333333 | P45: 0.75 | Q45: -0.75
A46: Deininger and Squire (1998) | B46: 5 | C46: 9 | D46: 45 | E46: cross-section | F46: annual growth rate | G46: ols | H46: yes | I46: yes | J46: 32 | K46: -1.162 | L46: -0.046 | M46: -0.046 | N46: 0.026900585 | O46: 0.026900585 | P46: 1.71 | Q46: -1.71
A47: Deininger and Squire (1998) | B47: 5 | C47: 10 | D47: 46 | E47: cross-section | F47: annual growth rate | G47: ols | H47: yes | I47: yes | J47: 32 | K47: -1.073 | L47: -0.055 | M47: -0.055 | N47: 0.03125 | O47: 0.03125 | P47: 1.76 | Q47: -1.76
A48: de la Croix and Doepke (2003) | B48: 6 | C48: 1 | D48: 47 | E48: pooled | F48: annual growth rate | G48: gmm | H48: yes | I48: yes | J48: 32 | K48: -1.21 | L48: -0.03 | M48: -0.03 | N48: 0.01 | O48: 0.01 | P48: -3 | Q48: -3 | R48: (de la Croix and Doepke)
A49: de la Croix and Doepke (2003) | B49: 6 | C49: 2 | D49: 48 | E49: pooled | F49: annual growth rate | G49: gmm | H49: yes | I49: yes | J49: 32 | K49: -1.37 | L49: 0.02 | M49: 0.02 | N49: 0.03 | O49: 0.03 | P49: 0.66666667 | Q49: 0.66666667 | R49: values in this study don't require to be corrected
A50: de la Croix and Doepke (2003) | B50: 6 | C50: 3 | D50: 49 | E50: pooled | F50: annual growth rate | G50: gmm | H50: yes | I50: yes | J50: 32 | K50: -1.55 | L50: 0.06 | M50: 0.06 | N50: 0.05 | O50: 0.05 | P50: 1.2 | Q50: 1.2
A51: de la Croix and Doepke (2003) | B51: 6 | C51: 4 | D51: 50 | E51: pooled | F51: annual growth rate | G51: gmm | H51: yes | I51: yes | J51: 32 | K51: 4.65 | L51: -0.13 | M51: -0.13 | N51: 0.22 | O51: 0.22 | P51: -0.59090909 | Q51: -0.59090909
A52: de la Croix and Doepke (2003) | B52: 6 | C52: 5 | D52: 51 | E52: pooled | F52: annual growth rate | G52: gmm | H52: yes | I52: yes | J52: 32 | K52: 2.37 | L52: 0.31 | M52: 0.31 | N52: 0.27 | O52: 0.27 | P52: 1.1481481 | Q52: 1.1481481
A53: de la Croix and Doepke (2003) | B53: 6 | C53: 6 | D53: 52 | E53: pooled | F53: annual growth rate | G53: gmm | H53: yes | I53: yes | J53: 32 | K53: 1.39 | L53: -0.18 | M53: -0.18 | N53: 0.37 | O53: 0.37 | P53: -0.48648649 | Q53: -0.48648649
A54: Figini (1999) | B54: 7 | C54: 1 | D54: 53 | E54: cross-section | F54: annual growth rate | G54: ols | H54: no | I54: yes | J54: 20 | K54: -0.0001 | L54: -0.0005 | M54: -0.05 | N54: 0.00023201856 | O54: 0.023201856 | P54: -2.155 | Q54: -2.155
A55: Figini (1999) | B55: 7 | C55: 2 | D55: 54 | E55: cross-section | F55: annual growth rate | G55: ols | H55: no | I55: yes | J55: 20 | K55: -0.0001 | L55: -0.0006 | M55: -0.06 | N55: 0.00023668639 | O55: 0.023668639 | P55: -2.535 | Q55: -2.535
A56: Figini (1999) | B56: 7 | C56: 3 | D56: 55 | E56: cross-section | F56: annual growth rate | G56: ols | H56: no | I56: yes | J56: 20 | K56: -0.0001 | L56: -0.0004 | M56: -0.04 | N56: 0.00028901734 | O56: 0.028901734 | P56: -1.384 | Q56: -1.384
A57: Figini (1999) | B57: 7 | C57: 4 | D57: 56 | E57: cross-section | F57: annual growth rate | G57: ols | H57: no | I57: yes | J57: 20 | K57: -0.0001 | L57: -0.0007 | M57: -0.07 | N57: 0.00024813896 | O57: 0.024813896 | P57: -2.821 | Q57: -2.821
A58: Figini (1999) | B58: 7 | C58: 5 | D58: 57 | E58: cross-section | F58: annual growth rate | G58: ols | H58: no | I58: yes | J58: 20 | K58: -0.0001 | L58: -0.0007 | M58: -0.07 | N58: 0.00024893314 | O58: 0.024893314 | P58: -2.812 | Q58: -2.812
A59: Figini (1999) | B59: 7 | C59: 6 | D59: 58 | E59: cross-section | F59: annual growth rate | G59: ols | H59: no | I59: yes | J59: 20 | K59: -0.0001 | L59: -0.0005 | M59: -0.05 | N59: 0.00022967386 | O59: 0.022967386 | P59: -2.177 | Q59: -2.177
A60: Figini (1999) | B60: 7 | C60: 7 | D60: 59 | E60: cross-section | F60: annual growth rate | G60: ols | H60: no | I60: yes | J60: 20 | K60: -0.0001 | L60: -0.0002 | M60: -0.02 | N60: 0.00034662045 | O60: 0.034662045 | P60: -0.577 | Q60: -0.577 | R60: (Figini)
A61: Figini (1999) | B61: 7 | C61: 8 | D61: 60 | E61: cross-section | F61: annual growth rate | G61: ols | H61: no | I61: yes | J61: 20 | K61: -0.0001 | L61: -0.0006 | M61: -0.06 | N61: 0.00035545024 | O61: 0.035545024 | P61: -1.688 | Q61: -1.688 | R61: the correct effect sizes have been obtained as:
A62: Figini (1999) | B62: 7 | C62: 9 | D62: 61 | E62: cross-section | F62: annual growth rate | G62: ols | H62: no | I62: yes | J62: 20 | K62: -0.0001 | L62: -0.0004 | M62: -0.04 | N62: 0.00026333114 | O62: 0.026333114 | P62: -1.519 | Q62: -1.519 | R62: corr.eff-size=eff.size*100
A63: Figini (1999) | B63: 7 | C63: 10 | D63: 62 | E63: cross-section | F63: annual growth rate | G63: ols | H63: no | I63: yes | J63: 20 | K63: -0.0001 | L63: -0.0001 | M63: -0.01 | N63: 0.00025 | O63: 0.025 | P63: -0.4 | Q63: -0.4
A64: Figini (1999) | B64: 7 | C64: 11 | D64: 63 | E64: cross-section | F64: annual growth rate | G64: ols | H64: no | I64: yes | J64: 20 | K64: -0.0001 | L64: -0.001 | M64: -0.1 | N64: 0.00035984167 | O64: 0.035984167 | P64: -2.779 | Q64: -2.779
A65: Figini (1999) | B65: 7 | C65: 12 | D65: 64 | E65: cross-section | F65: annual growth rate | G65: ols | H65: no | I65: yes | J65: 20 | K65: -0.0001 | L65: -0.001 | M65: -0.1 | N65: 0.00039840637 | O65: 0.039840637 | P65: -2.51 | Q65: -2.51
A66: Figini (1999) | B66: 7 | C66: 13 | D66: 65 | E66: cross-section | F66: annual growth rate | G66: ols | H66: no | I66: yes | J66: 20 | K66: -0.0001 | L66: -0.0009 | M66: -0.09 | N66: 0.00035657686 | O66: 0.035657686 | P66: -2.524 | Q66: -2.524
A67: Figini (1999) | B67: 7 | C67: 14 | D67: 66 | E67: cross-section | F67: annual growth rate | G67: ols | H67: no | I67: yes | J67: 20 | K67: -0.0001 | L67: -0.0009 | M67: -0.09 | N67: 0.00038297872 | O67: 0.038297872 | P67: -2.35 | Q67: -2.35
A68: Figini (1999) | B68: 7 | C68: 15 | D68: 67 | E68: cross-section | F68: annual growth rate | G68: ols | H68: no | I68: yes | J68: 20 | K68: -0.0001 | L68: -0.0005 | M68: -0.05 | N68: 0.00026609899 | O68: 0.026609899 | P68: -1.879 | Q68: -1.879
A69: Figini (1999) | B69: 7 | C69: 16 | D69: 68 | E69: cross-section | F69: annual growth rate | G69: ols | H69: no | I69: yes | J69: 20 | K69: -0.0001 | L69: -0.0005 | M69: -0.05 | N69: 0.00032808399 | O69: 0.032808399 | P69: -1.524 | Q69: -1.524
A70: Figini (1999) | B70: 7 | C70: 17 | D70: 69 | E70: cross-section | F70: annual growth rate | G70: ols | H70: no | I70: yes | J70: 20 | K70: -0.0001 | L70: -0.0005 | M70: -0.05 | N70: 0.00032133676 | O70: 0.032133676 | P70: -1.556 | Q70: -1.556
A71: Figini (1999) | B71: 7 | C71: 18 | D71: 70 | E71: cross-section | F71: annual growth rate | G71: ols | H71: no | I71: yes | J71: 20 | K71: -0.0001 | L71: -0.0005 | M71: -0.05 | N71: 0.00039619651 | O71: 0.039619651 | P71: -1.262 | Q71: -1.262
A72: Figini (1999) | B72: 7 | C72: 19 | D72: 71 | E72: cross-section | F72: annual growth rate | G72: ols | H72: no | I72: yes | J72: 20 | K72: -0.0001 | L72: -0.0006 | M72: -0.06 | N72: 0.00028804609 | O72: 0.028804609 | P72: -2.083 | Q72: -2.083
A73: Figini (1999) | B73: 7 | C73: 20 | D73: 72 | E73: cross-section | F73: annual growth rate | G73: ols | H73: no | I73: yes | J73: 20 | K73: -0.0004 | L73: -0.0004 | M73: -0.04 | N73: 0.00022014309 | O73: 0.022014309 | P73: -1.817 | Q73: -1.817
A74: Figini (1999) | B74: 7 | C74: 21 | D74: 73 | E74: cross-section | F74: annual growth rate | G74: ols | H74: no | I74: yes | J74: 20 | K74: -0.0001 | L74: -0.0009 | M74: -0.09 | N74: 0.00023547881 | O74: 0.023547881 | P74: -3.822 | Q74: -3.822
... A96: Forbes (2000) | B96: 8 | C96: 1 | D96: 95 | E96: pooled | F96: annual growth rate | G96: fixed effects | H96: no | I96: yes | J96: 5 | K96: -0.076 | L96: 0.0036 | M96: 0.36 | N96: 0.0015 | O96: 0.15 | P96: 2.4 | Q96: 2.4
A97: Forbes (2000) | B97: 8 | C97: 2 | D97: 96 | E97: pooled | F97: annual growth rate | G97: random effects | H97: no | I97: yes | J97: 5 | K97: 0.017 | L97: 0.0013 | M97: 0.13 | N97: 0.0006 | O97: 0.06 | P97: 2.1666667 | Q97: 2.1666667 | R97: (Forbes)
A98: Forbes (2000) | B98: 8 | C98: 3 | D98: 97 | E98: pooled | F98: annual growth rate | G98: chamberlain | H98: no | I98: yes | J98: 5 | K98: -0.027 | L98: 0.0016 | M98: 0.16 | N98: 0.0002 | O98: 0.02 | P98: 8 | Q98: 8 | R98: the correct effect sizes have been obtained as:
A99: Forbes (2000) | B99: 8 | C99: 4 | D99: 98 | E99: pooled | F99: annual growth rate | G99: gmm | H99: no | I99: yes | J99: 5 | K99: -0.047 | L99: 0.0013 | M99: 0.13 | N99: 0.0006 | O99: 0.06 | P99: 2.1666667 | Q99: 2.1666667 | R99: corr.eff-size=eff.size*100
A100: Forbes (2000) | B100: 8 | C100: 5 | D100: 99 | E100: pooled | F100: annual growth rate | G100: fixed effects | H100: no | I100: yes | J100: 5 | K100: -0.071 | L100: 0.0013 | M100: 0.13 | N100: 0.0011 | O100: 0.11 | P100: 1.1818182 | Q100: 1.1818182
A101: Forbes (2000) | B101: 8 | C101: 6 | D101: 100 | E101: cross-section | F101: annual growth rate | G101: ols | H101: no | I101: yes | J101: 25 | K101: -0.001 | L101: -0.0005 | M101: -0.05 | N101: 0.0002 | O101: 0.02 | P101: -2.5 | Q101: -2.5
A102: Forbes (2000) | B102: 8 | C102: 7 | D102: 101 | E102: cross-section | F102: annual growth rate | G102: ols | H102: no | I102: yes | J102: 25 | K102: -0.002 | L102: -0.0005 | M102: -0.05 | N102: 0.0003 | O102: 0.03 | P102: -1.6666667 | Q102: -1.6666667
A103: Forbes (2000) | B103: 8 | C103: 8 | D103: 102 | E103: cross-section | F103: annual growth rate | G103: ols | H103: no | I103: yes | J103: 25 | K103: -0.004 | L103: -0.0005 | M103: -0.05 | N103: 0.0003 | O103: 0.03 | P103: -1.6666667 | Q103: -1.6666667
A104: Forbes (2000) | B104: 8 | C104: 9 | D104: 103 | E104: pooled | F104: annual growth rate | G104: ols | H104: no | I104: yes | J104: 25 | K104: 0.002 | L104: 0.0002 | M104: 0.02 | N104: 0.0003 | O104: 0.03 | P104: 0.66666667 | Q104: 0.66666667
A105: Forbes (2000) | B105: 8 | C105: 10 | D105: 104 | E105: pooled | F105: annual growth rate | G105: gmm | H105: no | I105: yes | J105: 5 | K105: -0.053 | L105: -0.0001 | M105: -0.01 | N105: 0.0001 | O105: 0.01 | P105: -1 | Q105: -1
A106: Gylfason and Zoega (2003) | B106: 9 | C106: 1 | D106: 105 | E106: cross-section | F106: annual growth rate | G106: smlt | H106: yes | I106: yes | J106: 33 | K106: -1.26 | L106: -0.04 | M106: -0.04 | N106: 0.014084507 | O106: 0.014084507 | P106: 2.84 | Q106: -2.84 | R106: (Gylfason and Zoega) and (Keefer and Knack)
A107: Keefer and Knack (2002) | B107: 10 | C107: 1 | D107: 106 | E107: cross-section | F107: annual growth rate | G107: ols | H107: yes | I107: yes | J107: 22 | K107: -0.775 | L107: -0.088 | M107: -0.088 | N107: 0.025 | O107: 0.025 | P107: -3.52 | Q107: -3.52 | R107: values in this study don't require to be corrected
A108: Keefer and Knack (2002) | B108: 10 | C108: 2 | D108: 107 | E108: cross-section | F108: annual growth rate | G108: ols | H108: yes | I108: yes | J108: 22 | K108: -1.652 | L108: -0.046 | M108: -0.046 | N108: 0.03 | O108: 0.03 | P108: -1.5333333 | Q108: -1.5333333
A109: Knell (1999) | B109: 11 | C109: 1 | D109: 108 | E109: cross-section | F109: annual growth rate | G109: ols | H109: no | I109: no | J109: 25 | K109: -0.0046 | L109: -0.0376 | M109: -0.0376 | N109: 0.020512821 | O109: 0.020512821 | P109: -1.833 | Q109: -1.833 | R109: (Knell)
A110: Knell (1999) | B110: 11 | C110: 2 | D110: 109 | E110: cross-section | F110: annual growth rate | G110: ols | H110: no | I110: no | J110: 25 | K110: -0.0057 | L110: -0.0841 | M110: -0.0841 | N110: 0.031616541 | O110: 0.031616541 | P110: -2.66 | Q110: -2.66 | R110: values in this study don't require to be corrected
A111: Knell (1999) | B111: 11 | C111: 3 | D111: 110 | E111: cross-section | F111: annual growth rate | G111: ols | H111: no | I111: no | J111: 25 | K111: -0.025 | L111: -0.011 | M111: -0.011 | N111: 0.028571429 | O111: 0.028571429 | P111: -0.385 | Q111: -0.385
A112: Knowles (2005) | B112: 12 | C112: 1 | D112: 111 | E112: cross-section | F112: annual growth rate | G112: ols | H112: yes | I112: yes | J112: 30 | K112: -3e-05 | L112: -0.017 | M112: -0.056666667 | N112: 0.0081730769 | O112: 0.02724359 | P112: -2.08 | Q112: -2.08 | R112: (Knowles)
A113: Knowles (2005) | B113: 12 | C113: 2 | D113: 112 | E113: cross-section | F113: annual growth rate | G113: ols | H113: yes | I113: yes | J113: 30 | K113: -3e-05 | L113: -0.016 | M113: -0.053333333 | N113: 0.0082474227 | O113: 0.027491409 | P113: -1.94 | Q113: -1.94 | R113: values in this study don't require to be corrected
A114: Knowles (2005) | B114: 12 | C114: 3 | D114: 113 | E114: cross-section | F114: annual growth rate | G114: ols | H114: yes | I114: yes | J114: 30 | K114: -4e-05 | L114: -0.02 | M114: -0.066666667 | N114: 0.0091324201 | O114: 0.0304414 | P114: -2.19 | Q114: -2.19
A115: Knowles (2005) | B115: 12 | C115: 4 | D115: 114 | E115: cross-section | F115: annual growth rate | G115: ols | H115: yes | I115: yes | J115: 30 | K115: 1e-05 | L115: -0.013 | M115: -0.043333333 | N115: 0.024074074 | O115: 0.080246914 | P115: -0.54 | Q115: -0.54
A116: Knowles (2005) | B116: 12 | C116: 5 | D116: 115 | E116: cross-section | F116: annual growth rate | G116: ols | H116: yes | I116: yes | J116: 30 | K116: -3e-05 | L116: -0.02 | M116: -0.066666667 | N116: 0.0076045627 | O116: 0.025348542 | P116: -2.63 | Q116: -2.63
A117: Knowles (2005) | B117: 12 | C117: 6 | D117: 116 | E117: cross-section | F117: annual growth rate | G117: ols | H117: yes | I117: yes | J117: 30 | K117: -3e-05 | L117: -0.019 | M117: -0.063333333 | N117: 0.0076305221 | O117: 0.025435074 | P117: -2.49 | Q117: -2.49
A118: Knowles (2005) | B118: 12 | C118: 7 | D118: 117 | E118: cross-section | F118: annual growth rate | G118: ols | H118: yes | I118: yes | J118: 30 | K118: -4e-05 | L118: -0.022 | M118: -0.073333333 | N118: 0.0083018868 | O118: 0.027672956 | P118: -2.65 | Q118: -2.65
A119: Knowles (2005) | B119: 12 | C119: 8 | D119: 118 | E119: cross-section | F119: annual growth rate | G119: ols | H119: yes | I119: yes | J119: 30 | K119: 2e-05 | L119: -0.011 | M119: -0.036666667 | N119: 0.021153846 | O119: 0.070512821 | P119: -0.52 | Q119: -0.52
A120: Knowles (2005) | B120: 12 | C120: 9 | D120: 119 | E120: cross-section | F120: annual growth rate | G120: ols | H120: yes | I120: yes | J120: 30 | K120: -6e-05 | L120: -0.135 | M120: -0.45 | N120: 0.075842697 | O120: 0.25280899 | P120: -1.78 | Q120: -1.78
A121: Knowles (2005) | B121: 12 | C121: 10 | D121: 120 | E121: cross-section | F121: annual growth rate | G121: ols | H121: yes | I121: yes | J121: 30 | K121: 7e-05 | L121: -0.013 | M121: -0.043333333 | N121: 0.0075144509 | O121: 0.02504817 | P121: -1.73 | Q121: -1.73
...

Sheet meta_alphanumerical
A1: reference | B1: study KEY | C1: year_p | D1: study ID | E1: estimate ID | F1: obs | G1: publication status | H1: cross-section or pooled | I1: estimator | J1: correction for heteroscedasticity | K1: Effect size | L1: standard errors | M1: t-stat | N1: first year | O1: time span | P1: lenght of the growth period | Q1: aggregation | R1: oecd or ldc | S1: inequality dataset | T1: quality | U1: value of inequality measure | V1: Gini definition | W1: number of inequality proxies | X1: regional effects
A2: Alesina and Rodrik (1994) | B2: ar(1994) | C2: 1994 | D2: 1 | E2: 1 | F2: 1 | G2: journal | H2: cross-section | I2: ols | J2: no | K2: -0.057 | L2: 0.023170732 | M2: -2.46 | N2: 1960 | O2: 25 | P2: 25 | Q2: country | R2: oecd&ldc | S2: jain | T2: high | U2: initial | V2: mixed | W2: 1 | X2: no
A3: Alesina and Rodrik (1994) | B3: ar(1994) | C3: 1994 | D3: 1 | E3: 2 | F3: 2 | G3: journal | H3: cross-section | I3: smlt | J3: no | K3: -0.1598 | L3: 0.049781931 | M3: -3.21 | N3: 1960 | O3: 25 | P3: 25 | Q3: country | R3: oecd&ldc | S3: jain | T3: high | U3: initial | V3: mixed | W3: 1 | X3: no
A4: Alesina and Rodrik (1994) | B4: ar(1994) | C4: 1994 | D4: 1 | E4: 3 | F4: 3 | G4: journal | H4: cross-section | I4: ols | J4: no | K4: -0.0358 | L4: 0.019779006 | M4: -1.81 | N4: 1960 | O4: 25 | P4: 25 | Q4: country | R4: oecd&ldc | S4: jain | T4: high&low | U4: initial | V4: mixed | W4: 1 | X4: no
A5: Alesina and Rodrik (1994) | B5: ar(1994) | C5: 1994 | D5: 1 | E5: 4 | F5: 4 | G5: journal | H5: cross-section | I5: smlt | J5: no | K5: -0.1293 | L5: 0.041442308 | M5: -3.12 | N5: 1960 | O5: 25 | P5: 25 | Q5: country | R5: oecd&ldc | S5: jain | T5: high&low | U5: initial | V5: mixed | W5: 1 | X5: no
A6: Alesina and Rodrik (1994) | B6: ar(1994) | C6: 1994 | D6: 1 | E6: 5 | F6: 5 | G6: journal | H6: cross-section | I6: ols | J6: no | K6: -0.0347 | L6: 0.019065934 | M6: -1.82 | N6: 1960 | O6: 25 | P6: 25 | Q6: country | R6: oecd&ldc | S6: jain | T6: high&low | U6: initial | V6: mixed | W6: 2 | X6: no
A7: Alesina and Rodrik (1994) | B7: ar(1994) | C7: 1994 | D7: 1 | E7: 6 | F7: 6 | G7: journal | H7: cross-section | I7: ols | J7: no | K7: -0.0345 | L7: 0.019273743 | M7: -1.79 | N7: 1960 | O7: 25 | P7: 25 | Q7: country | R7: oecd&ldc | S7: jain | T7: high&low | U7: initial | V7: mixed | W7: 2 | X7: no
A8: Alesina and Rodrik (1994) | B8: ar(1994) | C8: 1994 | D8: 1 | E8: 7 | F8: 7 | G8: journal | H8: cross-section | I8: ols | J8: no | K8: -0.0347 | L8: 0.019277778 | M8: -1.8 | N8: 1960 | O8: 25 | P8: 25 | Q8: country | R8: oecd&ldc | S8: jain | T8: high&low | U8: initial | V8: mixed | W8: 2 | X8: no
A9: Alesina and Rodrik (1994) | B9: ar(1994) | C9: 1994 | D9: 1 | E9: 8 | F9: 8 | G9: journal | H9: cross-section | I9: ols | J9: no | K9: -0.0971 | L9: 0.026823204 | M9: -3.62 | N9: 1960 | O9: 25 | P9: 25 | Q9: country | R9: oecd&ldc | S9: jain | T9: high | U9: initial | V9: mixed | W9: 1 | X9: no
A10: Alesina and Rodrik (1994) | B10: ar(1994) | C10: 1994 | D10: 1 | E10: 9 | F10: 9 | G10: journal | H10: cross-section | I10: ols | J10: no | K10: -0.0795 | L10: 0.02277937 | M10: -3.49 | N10: 1960 | O10: 25 | P10: 25 | Q10: country | R10: oecd&ldc | S10: jain | T10: high&low | U10: initial | V10: mixed | W10: 1 | X10: no
A11: Alesina and Rodrik (1994) | B11: ar(1994) | C11: 1994 | D11: 1 | E11: 10 | F11: 10 | G11: journal | H11: cross-section | I11: ols | J11: no | K11: -0.0571 | L11: 0.024506438 | M11: -2.33 | N11: 1960 | O11: 25 | P11: 25 | Q11: country | R11: oecd&ldc | S11: jain | T11: high&low | U11: initial | V11: mixed | W11: 2 | X11: no
A12: Alesina and Rodrik (1994) | B12: ar(1994) | C12: 1994 | D12: 1 | E12: 11 | F12: 11 | G12: journal | H12: cross-section | I12: ols | J12: no | K12: -0.0574 | L12: 0.024956522 | M12: -2.3 | N12: 1960 | O12: 25 | P12: 25 | Q12: country | R12: oecd&ldc | S12: jain | T12: high&low | U12: initial | V12: mixed | W12: 2 | X12: no
A13: Alesina and Rodrik (1994) | B13: ar(1994) | C13: 1994 | D13: 1 | E13: 12 | F13: 12 | G13: journal | H13: cross-section | I13: ols | J13: no | K13: -0.0573 | L13: 0.024913043 | M13: -2.3 | N13: 1960 | O13: 25 | P13: 25 | Q13: country | R13: oecd&ldc | S13: jain | T13: high&low | U13: initial | V13: mixed | W13: 2 | X13: no
... A410: Szekely and Hilgert (1999) | B410: Szhi(1999) | C410: 1999 | D410: 38 | E410: 3 | F410: 412 | G410: working paper | H410: pooled | I410: fixed effects | J410: no | K410: 0.00117 | L410: 0.0039 | M410: 0.3 | N410: 1987 | O410: 11 | P410: 1 | Q410: country | R410: oecd&ldc | S410: other | T410: high&low | U410: initial | V410: adjusted | W410: 1 | X410: no

Sheet meta_numerical
A1: reference | B1: study key | C1: year_p | D1: wp | E1: study id | F1: estimate id | G1: obs | H1: effect size | I1: se | J1: pooled | K1: cross | L1: ols | M1: fixed effects | N1: random effects | O1: gmm | P1: simultaneous | Q1: endogeneity | R1: first year | S1: lenght of growth period | T1: country | U1: regions | V1: oecd | W1: ldc | X1: oecd&ldc | Y1: other_dataset | Z1: high | AA1: low | AB1: high&low | AC1: gini_initial | AD1: gini_avg | AE1: gini_mixed | AF1: gini_exp | AG1: gini_adj | AH1: oth_ineq | AI1: cntry | AJ1: c_data
A2: Alesina and Rodrik (1994) | B2: ar(1994) | C2: 1994 | D2: 0 | E2: 1 | F2: 1 | G2: 1 | H2: -0.057 | I2: 0.023170732 | J2: 0 | K2: 1 | L2: 1 | M2: 0 | N2: 0 | O2: 0 | P2: 0 | Q2: 0 | R2: 1960 | S2: 25 | T2: 1 | U2: 0 | V2: 0 | W2: 0 | X2: 1 | Y2: 1 | Z2: 1 | AA2: 0 | AB2: 0 | AC2: 1 | AD2: 0 | AE2: 1 | AF2: 0 | AG2: 0 | AH2: 0 | AI2: 0 | AJ2: 1
A3: Alesina and Rodrik (1994) | B3: ar(1994) | C3: 1994 | D3: 0 | E3: 1 | F3: 2 | G3: 2 | H3: -0.1598 | I3: 0.049781931 | J3: 0 | K3: 1 | L3: 0 | M3: 0 | N3: 0 | O3: 0 | P3: 1 | Q3: 1 | R3: 1960 | S3: 25 | T3: 1 | U3: 0 | V3: 0 | W3: 0 | X3: 1 | Y3: 1 | Z3: 1 | AA3: 0 | AB3: 0 | AC3: 1 | AD3: 0 | AE3: 1 | AF3: 0 | AG3: 0 | AH3: 0 | AI3: 0 | AJ3: 1
A4: Alesina and Rodrik (1994) | B4: ar(1994) | C4: 1994 | D4: 0 | E4: 1 | F4: 3 | G4: 3 | H4: -0.0358 | I4: 0.019779006 | J4: 0 | K4: 1 | L4: 1 | M4: 0 | N4: 0 | O4: 0 | P4: 0 | Q4: 0 | R4: 1960 | S4: 25 | T4: 1 | U4: 0 | V4: 0 | W4: 0 | X4: 1 | Y4: 1 | Z4: 0 | AA4: 0 | AB4: 1 | AC4: 1 | AD4: 0 | AE4: 1 | AF4: 0 | AG4: 0 | AH4: 0 | AI4: 0 | AJ4: 1
A5: Alesina and Rodrik (1994) | B5: ar(1994) | C5: 1994 | D5: 0 | E5: 1 | F5: 4 | G5: 4 | H5: -0.1293 | I5: 0.041442308 | J5: 0 | K5: 1 | L5: 0 | M5: 0 | N5: 0 | O5: 0 | P5: 1 | Q5: 1 | R5: 1960 | S5: 25 | T5: 1 | U5: 0 | V5: 0 | W5: 0 | X5: 1 | Y5: 1 | Z5: 0 | AA5: 0 | AB5: 1 | AC5: 1 | AD5: 0 | AE5: 1 | AF5: 0 | AG5: 0 | AH5: 0 | AI5: 0 | AJ5: 1
A6: Alesina and Rodrik (1994) | B6: ar(1994) | C6: 1994 | D6: 0 | E6: 1 | F6: 5 | G6: 5 | H6: -0.0347 | I6: 0.019065934 | J6: 0 | K6: 1 | L6: 1 | M6: 0 | N6: 0 | O6: 0 | P6: 0 | Q6: 0 | R6: 1960 | S6: 25 | T6: 1 | U6: 0 | V6: 0 | W6: 0 | X6: 1 | Y6: 1 | Z6: 0 | AA6: 0 | AB6: 1 | AC6: 1 | AD6: 0 | AE6: 0 | AF6: 0 | AG6: 1 | AH6: 1 | AI6: 0 | AJ6: 1
A7: Alesina and Rodrik (1994) | B7: ar(1994) | C7: 1994 | D7: 0 | E7: 1 | F7: 6 | G7: 6 | H7: -0.0345 | I7: 0.019273743 | J7: 0 | K7: 1 | L7: 1 | M7: 0 | N7: 0 | O7: 0 | P7: 0 | Q7: 0 | R7: 1960 | S7: 25 | T7: 1 | U7: 0 | V7: 0 | W7: 0 | X7: 1 | Y7: 1 | Z7: 0 | AA7: 0 | AB7: 1 | AC7: 1 | AD7: 0 | AE7: 0 | AF7: 0 | AG7: 1 | AH7: 1 | AI7: 0 | AJ7: 1
A8: Alesina and Rodrik (1994) | B8: ar(1994) | C8: 1994 | D8: 0 | E8: 1 | F8: 7 | G8: 7 | H8: -0.0347 | I8: 0.019277778 | J8: 0 | K8: 1 | L8: 1 | M8: 0 | N8: 0 | O8: 0 | P8: 0 | Q8: 0 | R8: 1960 | S8: 25 | T8: 1 | U8: 0 | V8: 0 | W8: 0 | X8: 1 | Y8: 1 | Z8: 0 | AA8: 0 | AB8: 1 | AC8: 1 | AD8: 0 | AE8: 0 | AF8: 0 | AG8: 1 | AH8: 1 | AI8: 0 | AJ8: 1
A9: Alesina and Rodrik (1994) | B9: ar(1994) | C9: 1994 | D9: 0 | E9: 1 | F9: 8 | G9: 8 | H9: -0.0971 | I9: 0.026823204 | J9: 0 | K9: 1 | L9: 1 | M9: 0 | N9: 0 | O9: 0 | P9: 0 | Q9: 0 | R9: 1960 | S9: 25 | T9: 1 | U9: 0 | V9: 0 | W9: 0 | X9: 1 | Y9: 1 | Z9: 0 | AA9: 0 | AB9: 0 | AC9: 1 | AD9: 0 | AE9: 0 | AF9: 0 | AG9: 1 | AH9: 0 | AI9: 0 | AJ9: 1
A10: Alesina and Rodrik (1994) | B10: ar(1994) | C10: 1994 | D10: 0 | E10: 1 | F10: 9 | G10: 9 | H10: -0.0795 | I10: 0.02277937 | J10: 0 | K10: 1 | L10: 1 | M10: 0 | N10: 0 | O10: 0 | P10: 0 | Q10: 0 | R10: 1960 | S10: 25 | T10: 1 | U10: 0 | V10: 0 | W10: 0 | X10: 1 | Y10: 1 | Z10: 0 | AA10: 0 | AB10: 1 | AC10: 1 | AD10: 0 | AE10: 0 | AF10: 0 | AG10: 1 | AH10: 0 | AI10: 0 | AJ10: 1
A11: Alesina and Rodrik (1994) | B11: ar(1994) | C11: 1994 | D11: 0 | E11: 1 | F11: 10 | G11: 10 | H11: -0.0571 | I11: 0.024506438 | J11: 0 | K11: 1 | L11: 1 | M11: 0 | N11: 0 | O11: 0 | P11: 0 | Q11: 0 | R11: 1960 | S11: 25 | T11: 1 | U11: 0 | V11: 0 | W11: 0 | X11: 1 | Y11: 1 | Z11: 0 | AA11: 0 | AB11: 1 | AC11: 1 | AD11: 0 | AE11: 0 | AF11: 0 | AG11: 1 | AH11: 1 | AI11: 0 | AJ11: 1
A12: Alesina and Rodrik (1994) | B12: ar(1994) | C12: 1994 | D12: 0 | E12: 1 | F12: 11 | G12: 11 | H12: -0.0574 | I12: 0.024956522 | J12: 0 | K12: 1 | L12: 1 | M12: 0 | N12: 0 | O12: 0 | P12: 0 | Q12: 0 | R12: 1960 | S12: 25 | T12: 1 | U12: 0 | V12: 0 | W12: 0 | X12: 1 | Y12: 1 | Z12: 0 | AA12: 0 | AB12: 1 | AC12: 1 | AD12: 0 | AE12: 0 | AF12: 0 | AG12: 1 | AH12: 1 | AI12: 0 | AJ12: 1
A13: Alesina and Rodrik (1994) | B13: ar(1994) | C13: 1994 | D13: 0 | E13: 1 | F13: 12 | G13: 12 | H13: -0.0573 | I13: 0.024913043 | J13: 0 | K13: 1 | L13: 1 | M13: 0 | N13: 0 | O13: 0 | P13: 0 | Q13: 0 | R13: 1960 | S13: 25 | T13: 1 | U13: 0 | V13: 0 | W13: 0 | X13: 1 | Y13: 1 | Z13: 0 | AA13: 0 | AB13: 1 | AC13: 1 | AD13: 0 | AE13: 0 | AF13: 0 | AG13: 1 | AH13: 1 | AI13: 0 | AJ13: 1
... A410: Szekely and Hilgert (1999) | B410: Szhi(1999) | C410: 1999 | D410: 1 | E410: 38 | F410: 3 | G410: 412 | H410: 0.00117 | I410: 0.0039 | J410: 1 | K410: 0 | L410: 0 | M410: 1 | N410: 0 | O410: 0 | P410: 0 | Q410: 0 | R410: 1987 | S410: 1 | T410: 1 | U410: 0 | V410: 0 | W410: 0 | X410: 1 | Y410: 1 | Z410: 0 | AA410: 0 | AB410: 1 | AC410: 1 | AD410: 0 | AE410: 0 | AF410: 0 | AG410: 0 | AH410: 0 | AI410: 0 | AJ410: 0

Sheet input_estimations(no_outliers)
A1: study key | B1: study id | C1: obs | D1: eff_size | E1: se | F1: year_p | G1: year_p_r | H1: wp | I1: pooled | J1: fe | K1: re | L1: end | M1: year0 | N1: year0_r | O1: grper | P1: regions | Q1: oecd | R1: ldc | S1: oth_dataset | T1: low | U1: high&low | V1: gini_avg | W1: gini_mixed | X1: gini_exp | Y1: gini_adj | Z1: oth_ineq | AA1: cntry | AB1: c_data
A2: ar(1994) | B2: 1 | C2: 1 | D2: -0.057 | E2: 0.023170732 | F2: 1994 | G2: 94 | H2: 0 | I2: 0 | J2: 0 | K2: 0 | L2: 0 | M2: 1960 | N2: 60 | O2: 25 | P2: 0 | Q2: 0 | R2: 0 | S2: 1 | T2: 0 | U2: 0 | V2: 0 | W2: 1 | X2: 0 | Y2: 0 | Z2: 0 | AA2: 0 | AB2: 1
A3: ar(1994) | B3: 1 | C3: 2 | D3: -0.1598 | E3: 0.049781931 | F3: 1994 | G3: 94 | H3: 0 | I3: 0 | J3: 0 | K3: 0 | L3: 1 | M3: 1960 | N3: 60 | O3: 25 | P3: 0 | Q3: 0 | R3: 0 | S3: 1 | T3: 0 | U3: 0 | V3: 0 | W3: 1 | X3: 0 | Y3: 0 | Z3: 0 | AA3: 0 | AB3: 1
A4: ar(1994) | B4: 1 | C4: 3 | D4: -0.0358 | E4: 0.019779006 | F4: 1994 | G4: 94 | H4: 0 | I4: 0 | J4: 0 | K4: 0 | L4: 0 | M4: 1960 | N4: 60 | O4: 25 | P4: 0 | Q4: 0 | R4: 0 | S4: 1 | T4: 0 | U4: 1 | V4: 0 | W4: 1 | X4: 0 | Y4: 0 | Z4: 0 | AA4: 0 | AB4: 1
A5: ar(1994) | B5: 1 | C5: 4 | D5: -0.1293 | E5: 0.041442308 | F5: 1994 | G5: 94 | H5: 0 | I5: 0 | J5: 0 | K5: 0 | L5: 1 | M5: 1960 | N5: 60 | O5: 25 | P5: 0 | Q5: 0 | R5: 0 | S5: 1 | T5: 0 | U5: 1 | V5: 0 | W5: 1 | X5: 0 | Y5: 0 | Z5: 0 | AA5: 0 | AB5: 1
A6: ar(1994) | B6: 1 | C6: 5 | D6: -0.0347 | E6: 0.019065934 | F6: 1994 | G6: 94 | H6: 0 | I6: 0 | J6: 0 | K6: 0 | L6: 0 | M6: 1960 | N6: 60 | O6: 25 | P6: 0 | Q6: 0 | R6: 0 | S6: 1 | T6: 0 | U6: 1 | V6: 0 | W6: 0 | X6: 0 | Y6: 1 | Z6: 1 | AA6: 0 | AB6: 1
A7: ar(1994) | B7: 1 | C7: 6 | D7: -0.0345 | E7: 0.019273743 | F7: 1994 | G7: 94 | H7: 0 | I7: 0 | J7: 0 | K7: 0 | L7: 0 | M7: 1960 | N7: 60 | O7: 25 | P7: 0 | Q7: 0 | R7: 0 | S7: 1 | T7: 0 | U7: 1 | V7: 0 | W7: 0 | X7: 0 | Y7: 1 | Z7: 1 | AA7: 0 | AB7: 1
A8: ar(1994) | B8: 1 | C8: 7 | D8: -0.0347 | E8: 0.019277778 | F8: 1994 | G8: 94 | H8: 0 | I8: 0 | J8: 0 | K8: 0 | L8: 0 | M8: 1960 | N8: 60 | O8: 25 | P8: 0 | Q8: 0 | R8: 0 | S8: 1 | T8: 0 | U8: 1 | V8: 0 | W8: 0 | X8: 0 | Y8: 1 | Z8: 1 | AA8: 0 | AB8: 1
A9: ar(1994) | B9: 1 | C9: 8 | D9: -0.0971 | E9: 0.026823204 | F9: 1994 | G9: 94 | H9: 0 | I9: 0 | J9: 0 | K9: 0 | L9: 0 | M9: 1960 | N9: 60 | O9: 25 | P9: 0 | Q9: 0 | R9: 0 | S9: 1 | T9: 0 | U9: 0 | V9: 0 | W9: 0 | X9: 0 | Y9: 1 | Z9: 0 | AA9: 0 | AB9: 1
A10: ar(1994) | B10: 1 | C10: 9 | D10: -0.0795 | E10: 0.02277937 | F10: 1994 | G10: 94 | H10: 0 | I10: 0 | J10: 0 | K10: 0 | L10: 0 | M10: 1960 | N10: 60 | O10: 25 | P10: 0 | Q10: 0 | R10: 0 | S10: 1 | T10: 0 | U10: 1 | V10: 0 | W10: 0 | X10: 0 | Y10: 1 | Z10: 0 | AA10: 0 | AB10: 1
A11: ar(1994) | B11: 1 | C11: 10 | D11: -0.0571 | E11: 0.024506438 | F11: 1994 | G11: 94 | H11: 0 | I11: 0 | J11: 0 | K11: 0 | L11: 0 | M11: 1960 | N11: 60 | O11: 25 | P11: 0 | Q11: 0 | R11: 0 | S11: 1 | T11: 0 | U11: 1 | V11: 0 | W11: 0 | X11: 0 | Y11: 1 | Z11: 1 | AA11: 0 | AB11: 1
A12: ar(1994) | B12: 1 | C12: 11 | D12: -0.0574 | E12: 0.024956522 | F12: 1994 | G12: 94 | H12: 0 | I12: 0 | J12: 0 | K12: 0 | L12: 0 | M12: 1960 | N12: 60 | O12: 25 | P12: 0 | Q12: 0 | R12: 0 | S12: 1 | T12: 0 | U12: 1 | V12: 0 | W12: 0 | X12: 0 | Y12: 1 | Z12: 1 | AA12: 0 | AB12: 1
A13: ar(1994) | B13: 1 | C13: 12 | D13: -0.0573 | E13: 0.024913043 | F13: 1994 | G13: 94 | H13: 0 | I13: 0 | J13: 0 | K13: 0 | L13: 0 | M13: 1960 | N13: 60 | O13: 25 | P13: 0 | Q13: 0 | R13: 0 | S13: 1 | T13: 0 | U13: 1 | V13: 0 | W13: 0 | X13: 0 | Y13: 1 | Z13: 1 | AA13: 0 | AB13: 1
... A408: Szhi(1999) | B408: 38 | C408: 412 | D408: 0.00117 | E408: 0.0039 | F408: 1999 | G408: 99 | H408: 1 | I408: 1 | J408: 1 | K408: 0 | L408: 0 | M408: 1987 | N408: 87 | O408: 1 | P408: 0 | Q408: 0 | R408: 0 | S408: 1 | T408: 0 | U408: 1 | V408: 0 | W408: 0 | X408: 0 | Y408: 0 | Z408: 0 | AA408: 0 | AB408: 0
